 Dungeon Crawl Stone Soup version 0.23-a0-4-g8f018a2 (webtiles) character file.

2866968 Mgcat the Pulveriser (level 27, 224/224 HPs)
             Began as a Gnoll Berserker on July 30, 2018.
             Was a High Priest of Trog.
             Escaped with the Orb
             ... and 5 runes on Aug 1, 2018!
             The game lasted 04:47:09 (85105 turns).

Mgcat the Pulveriser (Gnoll Berserker)             Turns: 85105, Time: 04:47:10

Health: 224/224    AC: 48    Str: 37    XL:     27
Magic:  46/46      EV: 18    Int: 12    God:    Trog [*****.]
Gold:   1251       SH: 30    Dex: 15    Spells: 65/65 levels left

rFire    + + +     SeeInvis +   I - +9 sword of Zonguldrok {reap}
rCold    + + +     Gourm    .   D - +0 large shield of the Heron {*Corrode rF+ Regen+ Dex+3}
rNeg     + . .     Faith    .   V - +9 gold dragon scales
rPois    +         Spirit   .   Y - +2 helmet of the Peculiar Gods {rElec Str+4 Stlth+}
rElec    +         Reflect  +   B - scarf {rC+ rF+}
rCorr    .         Harm     .   h - +2 pair of gloves
MR       +++++     Rnd*Tele +   d - +2 pair of boots of the Assassin {Detection Stab+ Stlth++}
Stlth    ++........             k - amulet "Ywuumyrr" {Reflect +Blink MR+++ Dex-4 SH+5}
HPRegen  0.87/turn              R - +6 ring of slaying
MPRegen  0.30/turn              J - ring of the Jester {+Fly rC+ rN+ Str+4 SInv}

@: studying 3 skills
A: distributed training, fangs 1, thin metallic scales 1, yellow scales 1,
camouflage 1, sense surroundings 1, shaggy fur 1, teleportitis 1, strong nose
0: Orb of Zot
}: 5/15 runes: decaying, serpentine, slimy, silver, abyssal
a: Berserk, Trog's Hand, Brothers in Arms, Renounce Religion, Evoke Blink, Evoke
Flight


You escaped.
You worshipped Trog.
Trog was extremely pleased with you.
You were not hungry.

You visited 11 branches of the dungeon, and saw 57 of its levels.
You visited the Abyss 1 time.
You also visited: Ice Cave and Wizlab.

You collected 8473 gold pieces.
You spent 7222 gold pieces at shops.

Inventory:

Hand Weapons
 I - the +9 sword of Zonguldrok (weapon) {reap}
   (You found it on level 3 of the Crypt)

   If a monster killed with it leaves a corpse in good enough shape, the corpse
   will be animated as a zombie friendly to the killer.
Missiles
 j - 6 silver javelins
 t - 5 javelins of penetration
 z - 17 steel javelins (quivered)
 E - 8 throwing nets {=f, !d}
Armour
 d - the +2 pair of boots of the Assassin (worn) {Detection Stab+ Stlth++}
   (You acquired it on level 9 of the Dungeon)

   It makes you much more stealthy.
 h - a +2 pair of gloves (worn)
   (You found it on level 3 of the Crypt)
 B - a scarf of resistance (worn)
   (You bought it in a shop on level 7 of the Dungeon)
 D - the +0 large shield of the Heron (worn) {*Corrode rF+ Regen+ Dex+3}
   (You bought it in a shop on level 3 of the Elven Halls)

   It affects your dexterity (+3).
   It protects you from fire.
   It increases your rate of regeneration.
   It may corrode you when you take damage.
 V - +9 gold dragon scales (worn)
   (You found it on level 3 of the Depths)
 Y - the +2 helmet of the Peculiar Gods (worn) {rElec Str+4 Stlth+}
   (You bought it in a shop on level 4 of the Depths)

   It affects your strength (+4).
   It insulates you from electricity.
   It makes you more stealthy.
Jewellery
 i - an uncursed ring of resist corrosion
   (You found it on level 5 of the Dungeon)
 k - the amulet "Ywuumyrr" (around neck) {Reflect +Blink MR+++ Dex-4 SH+5}
   (You acquired it on level 5 of the Pits of Slime)

   [amulet of reflection]

   It shields you and reflects attacks.
   It affects your dexterity (-4).
   It affects your resistance to hostile enchantments.
   It lets you blink.
   It affects your SH (+5).
 w - the ring "Fuurunih" {rPois rF+ MR++ EV+5 Stlth-}
   (You found it on level 3 of the Crypt)

   [ring of evasion]

   It affects your evasion (+5).
   It protects you from fire.
   It protects you from poison.
   It affects your resistance to hostile enchantments.
   It makes you less stealthy.
 J - the ring of the Jester (right hand) {+Fly rC+ rN+ Str+4 SInv}
   (You found it on level 3 of the Crypt)

   [ring of positive energy]

   It affects your strength (+4).
   It protects you from cold.
   It protects you from negative energy.
   It lets you see invisible.
   It lets you fly.
 R - a +6 ring of slaying (left hand)
   (You took it off a vault warden on level 2 of the Vaults)
Wands
 r - a wand of acid (35)
   (You found it on level 3 of the Vaults)
 C - a wand of iceblast (36)
   (You found it on level 1 of the Lair of Beasts)
 F - a wand of scattershot (7)
   (You found it on level 3 of the Vaults)
 G - a wand of digging (40)
   (You found it on level 9 of the Dungeon)
Scrolls
 g - a scroll of silence
 l - 29 scrolls of remove curse
 o - 11 scrolls of teleportation
 s - a scroll of enchant weapon
 u - 4 scrolls of blinking {!r}
 H - 2 scrolls of fog
 S - 14 scrolls of identify
 Z - 5 scrolls of magic mapping {!r}
Potions
 b - 11 potions of mutation {!q}
 f - 2 potions of heal wounds
 q - 2 potions of ambrosia
 v - 14 potions of lignification {!q}
 y - 4 potions of flight
 A - 3 potions of resistance
 W - 7 potions of curing
 X - 3 potions of cancellation
Books
 a - a manual of Staves {!d}
   (You found it on level 1 of the Elven Halls)
 p - a manual of Crossbows {!d}
   (You found it on level 3 of the Elven Halls)
 K - a manual of Throwing {!d}
   (You found it on level 1 of the Elven Halls)
Miscellaneous
 e - a lightning rod (4/4)
   (You found it on level 3 of the Depths)
 M - 4 phantom mirrors
 N - a lamp of fire
   (You found it on level 15 of the Dungeon)
 O - a fan of gales
   (You found it on level 3 of the Snake Pit)
 Q - 2 sacks of spiders
 U - a phial of floods (inert)
   (You found it on level 6 of the Lair of Beasts)
Comestibles
 c - 54 rations


   Skills:
 + Level 20.2 Fighting
 + Level 19.5 Short Blades
 + Level 19.5 Long Blades
 + Level 20.2 Axes
 + Level 19.5 Maces & Flails
 + Level 19.5 Polearms
 + Level 22.2 Staves
 + Level 19.5 Slings
 + Level 19.5 Bows
 + Level 21.3 Crossbows
 + Level 22.1 Throwing
 + Level 19.9 Armour
 + Level 19.9 Dodging
 + Level 19.5 Stealth
 + Level 19.5 Shields
 + Level 19.5 Unarmed Combat
 + Level 19.5 Spellcasting
 + Level 16.9 Conjurations
 + Level 16.9 Hexes
 + Level 16.9 Charms
 + Level 16.9 Summonings
 + Level 16.9 Necromancy
 + Level 16.9 Translocations
 + Level 16.9 Transmutations
 + Level 16.9 Fire Magic
 + Level 16.9 Ice Magic
 + Level 16.9 Air Magic
 + Level 16.9 Earth Magic
 + Level 16.9 Poison Magic
 + Level 20.9 Invocations
 + Level 19.5 Evocations


You had 65 spell levels left.
You didn't know any spells.
Your spell library contained the following spells:

 Spells                   Type           Power        Failure   Level  Hunger
 Cause Fear               Hex            ######....   1%          4    #......
 Magic Dart               Conj           ####         1%          1    None
 Fireball                 Conj/Fire      ######....   1%          5    ####...
 Apportation              Tloc           ######       1%          1    None
 Conjure Flame            Conj/Fire      ######..     1%          3    None
 Lightning Bolt           Conj/Air       ######....   1%          5    ####...
 Bolt of Magma            Conj/Fire/Erth ######....   1%          5    ####...
 Slow                     Hex            ######..     1%          2    None
 Invisibility             Hex            ######..     9%          6    ######.
 Throw Flame              Conj/Fire      ######       1%          2    None
 Throw Frost              Conj/Ice       ######       1%          2    None
 Controlled Blink         Tloc           N/A          98%         8    #######
 Freezing Cloud           Conj/Ice/Air   ######....   9%          6    ######.
 Mephitic Cloud           Conj/Pois/Air  ######..     1%          3    None
 Ring of Flames           Chrm/Fire      ######....   45%         7    #######
 Venom Bolt               Conj/Pois      ######....   1%          5    ####...
 Olgreb's Toxic Radiance  Pois           ######..     1%          4    #......
 Summon Small Mammal      Summ           ####         1%          1    None
 Bolt of Draining         Conj/Necr      ######....   1%          5    ####...
 Lehudib's Crystal Spear  Conj/Erth      ######....   98%         8    #######
 Fire Storm               Conj/Fire      ######....   100%        9    #######
 Blink                    Tloc           N/A          1%          2    None
 Iskenderun's Mystic Bla  Conj           ######..     1%          4    #......
 Animate Dead             Necr           N/A          1%          4    #......
 Pain                     Necr           ####         1%          1    None
 Animate Skeleton         Necr           N/A          1%          1    None
 Vampiric Draining        Necr           ######....   1%          3    None
 Freeze                   Ice            ####         1%          1    None
 Sticky Flame             Conj/Fire      ######..     1%          4    #......
 Summon Ice Beast         Ice/Summ       ######..     1%          4    #......
 Ozocubu's Armour         Chrm/Ice       ######..     1%          3    None
 Call Imp                 Summ           ######..     1%          2    None
 Dispel Undead            Necr           ######..     1%          5    ####...
 Poison Arrow             Conj/Pois      ######....   9%          6    ######.
 Regeneration             Chrm/Necr      ######....   1%          3    None
 Sting                    Conj/Pois      ####         1%          1    None
 Sublimation of Blood     Necr           ######....   1%          2    None
 Tukima's Dance           Hex            ######..     1%          3    None
 Summon Demon             Summ           ######....   1%          5    ####...
 Corpse Rot               Necr           N/A          1%          2    None
 Iron Shot                Conj/Erth      ######....   9%          6    ######.
 Stone Arrow              Conj/Erth      ######       1%          3    None
 Shock                    Conj/Air       ####         1%          1    None
 Recall                   Summ/Tloc      N/A          1%          3    None
 Agony                    Necr           ######..     1%          5    ####...
 Spider Form              Tmut/Pois      ######....   1%          3    None
 Blade Hands              Tmut           ######....   1%          5    ####...
 Statue Form              Tmut/Erth      ######...    9%          6    ######.
 Ice Form                 Ice/Tmut       ######..     1%          4    #......
 Dragon Form              Tmut           ######....   45%         7    #######
 Deflect Missiles         Chrm/Air       ######....   9%          6    ######.
 Throw Icicle             Conj/Ice       ######..     1%          4    #......
 Glaciate                 Conj/Ice       ######....   100%        9    #######
 Shadow Creatures         Summ           N/A          9%          6    ######.
 Flame Tongue             Conj/Fire      #####        1%          1    None
 Passwall                 Tmut/Erth      ######..     1%          2    None
 Ignite Poison            Fire/Tmut/Pois ######..     1%          3    None
 Sticks to Snakes         Tmut           ######..     1%          2    None
 Call Canine Familiar     Summ           ######..     1%          3    None
 Summon Butterflies       Summ           ######..     1%          1    None
 Silence                  Hex/Air        ######....   1%          5    ####...
 Shatter                  Erth           ######....   100%        9    #######
 Dispersal                Tloc           ######....   9%          6    ######.
 Static Discharge         Conj/Air       ######..     1%          3    None
 Corona                   Hex            ######.      1%          1    None
 Alistair's Intoxication  Tmut/Pois      ######..     1%          5    ####...
 Lee's Rapid Deconstruct  Erth           ######....   1%          5    ####...
 Sandblast                Erth           ######       1%          1    None
 Conjure Ball Lightning   Conj/Air       ######....   9%          6    ######.
 Chain Lightning          Conj/Air       ######....   98%         8    #######
 Excruciating Wounds      Chrm/Necr      ######....   1%          5    ####...
 Portal Projectile        Hex/Tloc       ######       1%          3    None
 Petrify                  Tmut/Erth      ######..     1%          4    #......
 Orb of Destruction       Conj           ######....   45%         7    #######
 Tornado                  Air            ######....   100%        9    #######
 Leda's Liquefaction      Hex/Erth       ######....   1%          4    #......
 Summon Hydra             Summ           ######....   45%         7    #######
 Shroud of Golubria       Chrm/Tloc      ######....   1%          2    None
 Inner Flame              Hex/Fire       ######..     1%          3    None
 Aura of Abjuration       Summ           ######....   1%          5    ####...
 Beastly Appendage        Tmut           ######       1%          1    None
 Disjunction              Tloc           ######....   98%         8    #######
 Iskenderun's Battlesphe  Conj/Chrm      ######..     1%          5    ####...
 Fulminant Prism          Conj/Hex       ######....   1%          4    #......
 Dazzling Spray           Conj/Hex       ######       1%          3    None
 Force Lance              Conj/Tloc      ######..     1%          4    #......
 Infusion                 Chrm           ####         1%          1    None
 Song of Slaying          Chrm           ######..     1%          2    None
 Spectral Weapon          Hex/Chrm       ######..     1%          3    None
 Discord                  Hex            ######....   98%         8    #######
 Summon Forest            Summ/Tloc      ######....   1%          5    ####...
 Summon Lightning Spire   Summ/Air       ######..     1%          4    #......
 Summon Guardian Golem    Hex/Summ       ######..     1%          3    None
 Spellforged Servitor     Conj/Summ      ######....   45%         7    #######
 Summon Mana Viper        Hex/Summ       ######..     1%          5    ####...
 Hydra Form               Tmut           ######....   9%          6    ######.
 Irradiate                Conj/Tmut      ######....   1%          5    ####...
 Gell's Gravitas          Tloc           ######....   1%          3    None
 Yara's Violent Unravell  Hex/Tmut       ######....   1%          5    ####...
 Lesser Beckoning         Tloc           ######....   1%          3    None
 Poisonous Vapours        Pois/Air       ######       1%          2    None
 Ignition                 Fire           ######....   98%         8    #######


Dungeon Overview and Level Annotations

Branches:
Dungeon (15/15)            Temple (0/1) D:5            Lair (6/6) D:11
  Swamp (4/4) Lair:2        Snake (4/4) Lair:2        Slime (5/5) Lair:6
    Orc (2/2) D:12            Elf (3/3) Orc:2        Vaults (5/5) D:13
  Crypt (3/3) Vaults:2       Tomb (0/3) Crypt:3      Depths (5/5) D:15
    Zot (5/5) Depths:5

Altars:
Ashenzari
Cheibriados
Dithmenos
Elyvilon
Fedhas
Gozag
Kikubaaqudgha
Nemelex Xobeh
Okawaru
Qazlal
Uskayaw
Xom
Yredelemnul
Zin
Beogh
Jiyva

Shops:
D:7 *   D:9 *![!   D:11 (   D:13 [   Orc:1 [   Orc:2 }[(%   Elf:2 *   Elf:3 [
Vaults:1 [   Vaults:2 [!*%*   Vaults:3 }   Vaults:5 ?%%   Depths:1 (*:
Depths:2 :   Depths:4 [[*

Portals:
Hell: Depths:1 Depths:2 Depths:3 Depths:4 Depths:5
Abyss: Depths:1 Depths:4 Depths:5
Pandemonium: Depths:1 Depths:3
Ziggurat: Depths:1

Annotations:
D:6 2 runed doors, Karim's ghost, novice GnIE
D:7 exclusion: oklob plant
Lair:4 exclusion: oklob plant
Orc:1 2 transporters, Patate's ghost, journeyman TrFi
Elf:2 5 runed doors, Kutucsuir's ghost, veteran MiBe
Crypt:3 3 runed doors, Titucsi's ghost, adept GrFi
Depths:2 1 runed door, Nilihum's ghost, veteran HOMo


Innate Abilities, Weirdness & Mutations

Your experience applies equally to all skills.
You have very sharp teeth.
Your uncanny sense of smell can sniff out nearby items.
You are partially covered in thin metallic scales. (AC +2)
You are partially covered in yellow scales. (AC +2)
Your skin changes colour to match your surroundings (Stealth+).
You passively map a small area around you.
You are covered in fur. (AC +1)
You are occasionally teleported next to monsters.


Message History

There is a stone staircase leading down here.
A shadow demon comes into view.
The shadow demon gestures.
You slice the adder!!
You kill the adder!
The adder's corpse dissolves into shadows!
You closely miss the shadow demon.
The shadow demon gestures.
You cut the shadow demon into ribbons!!!
You kill the shadow demon!
Trog accepts your kill.
The hellwing disappears in a puff of smoke!
The sun demon disappears in a puff of smoke!
An Orb Guardian comes into view.
You hit the Orb Guardian. You bite the Orb Guardian.
The Orb Guardian is lightly wounded.
You block the Orb Guardian's attack.
You chop the Orb Guardian into pieces!!!
Your bite misses the Orb Guardian.
The Orb Guardian is heavily wounded.
You block the Orb Guardian's attack.
You slash the Orb Guardian!
The Orb Guardian is severely wounded.
The Orb Guardian hits you but does no damage.
You slice the Orb Guardian!!
You kill the Orb Guardian!
Trog accepts your kill.
(D) Dungeon (T) Temple (L) Lair (S) Swamp (P) Snake Pit (M) Slime Pits (O) Orcish Mines (E) Elven Halls (V) Vaults (C) Crypt (W) Tomb (U) Depths (H) Hell (Z) Zot
Where to? (Enter - D:1 @ (x,y), ? - help)
What level of the Dungeon? (default 1, ? - help)
There is a stone staircase leading up here.
You climb upwards.
Level annotation: exclusion: oklob plant
There is a stone staircase leading down here.
There is a stone staircase leading up here.
You climb upwards.
Level annotation: 2 runed doors, Karim's ghost, novice GnIE
There is a stone staircase leading down here.
There is a stone staircase leading up here.
You climb upwards.
There is a stone staircase leading down here.
Things that are here:
a robe; a dagger
There is a stone staircase leading up, spattered with blood here.
You climb upwards.
There is a stone staircase leading down here.
There is a stone staircase leading up here.
You climb upwards.
There is a stone staircase leading down here.
You see here 19 sling bullets.
There is a stone staircase leading up here.
You climb upwards.
There is a stone staircase leading down here.
You see here a stone.
There is a stone staircase leading up here.
You climb upwards.
There is a stone staircase leading down here.
You see here a club.
An Orb Guardian comes into view.
You open the door. You block the Orb Guardian's attack.
There is an open door here.
You block the Orb Guardian's attack. You block the Orb Guardian's attack.
There is a staircase leading out of the dungeon here.
You hit the Orb Guardian but do no damage.
You bite the Orb Guardian!
The Orb Guardian is lightly wounded.
You block the Orb Guardian's attack.
You closely miss the Orb Guardian.
The Orb Guardian is lightly wounded.
The Orb Guardian hits you but does no damage.
You barely miss the Orb Guardian.
The Orb Guardian is lightly wounded.
You block the Orb Guardian's attack.
You closely miss the Orb Guardian.
The Orb Guardian is lightly wounded.
The Orb Guardian misses you.
You slash the Orb Guardian! Your bite misses the Orb Guardian.
The Orb Guardian is lightly wounded.
You block the Orb Guardian's attack.
You slice the Orb Guardian like a ripe choko!!!
The Orb Guardian is severely wounded.
You block the Orb Guardian's attack.
You hit the Orb Guardian but do no damage.
The Orb Guardian is severely wounded.
You block the Orb Guardian's attack.
You completely miss the Orb Guardian.
The Orb Guardian is severely wounded.
You block the Orb Guardian's attack.
You slash the Orb Guardian! Your bite misses the Orb Guardian.
The Orb Guardian is almost dead.
You block the Orb Guardian's attack. x2
You slash the Orb Guardian!
You kill the Orb Guardian!
Trog accepts your kill.
You have escaped!

#.# #............#...
#.# #............#...
#.###.......#....#...
#.'.######.##....####
#.#.# #..#....# #.#.#
#.......# #.#.#
#.......# #.#.##
#.......# #.'.@#
#...>...# #.#.##
#.......# #.#.#
#.......# #.#.#
#....#### #.#.#
#....# #.+.# #....#
##### #....# ##....#
#...#.#


There were no monsters in sight!

Vanquished Creatures
  the Royal Jelly (Slime:5)
  Mara (Vaults:5)
  6 ancient liches
  7 orbs of fire
  A juggernaut (Depths:3)
  5 curse toes
  Saint Roka (Depths:4)
  6 Killer Klowns (Zot:5)
  19 caustic shrikes
  17 golden dragons
  the Enchantress (Depths:5)
  A bone dragon (Crypt:3)
  A mutant beast (WizLab)
  2 electric golems (Zot:5)
  18 tentacled monstrosities
  4 titans (Vaults:5)
  27 Orb Guardians
  An Ice Fiend (Depths:4)
  A deep elf blademaster (Elf:3)
  2 deep elf master archers (Elf:3)
  23 acid blobs
  10 quicksilver dragons
  7 liches
  13 storm dragons
  3 sphinxes
  7 tengu reavers
  3 thorn hunters
  A revenant (Crypt:3)
  10 death cobs
  6 ancient champions
  8 shadow dragons
  11 nagarajas
  2 draconian monks
  12 azure jellies
  13 fire giants
  19 vault wardens
  14 frost giants
  4 iron dragons
  3 deep elf elementalists
  2 draconian knights
  6 deep elf sorcerers
  A draconian shifter (Zot:4)
  4 draconian scorchers
  3 ghost moths
  A cacodemon (D:13)
  2 draconian stormcallers
  A curse skull (Crypt:2)
  31 very ugly things
  9 spriggan defenders
  3 draconian annihilators
  A caustic shrike skeleton (Crypt:1)
  23 stone giants
  2 war gargoyles (Vaults:5)
  6 ghouls
  13 ironheart preservers
  2 entropy weavers
  A juggernaut skeleton (Crypt:1)
  10 vampire knights
  9 green draconians
  7 black draconians
  9 deep elf demonologists
  Azrael (Elf:1)
  15 red draconians
  7 yellow draconians
  The ghost of Nees the Cleaver, a journeyman DsGl of Okawaru (D:12)
  8 purple draconians
  A spark wasp (shapeshifter) (Vaults:5)
  10 deep elf annihilators
  3 eidola
  7 deep elf death magi
  6 white draconians
  14 ettins
  11 death oozes
  2 mummy priests (Crypt:3)
  2 green deaths (Swamp:4)
  18 great orbs of eyes
  Josephine (Lair:6)
  10 jiangshi
  5 deep elf high priests
  3 hell beasts
  15 naga warriors
  10 fire dragons
  13 hydras
  32 vault guards
  27 ice dragons
  24 yaktaur captains
  4 rakshasas
  4 ghost crabs
  9 spriggan air magi
  11 anacondas
  5 death knights
  8 ogre magi
  34 two-headed ogres
  6 centaur warriors
  11 vampire magi
  17 dancing weapons
  9 deep troll shamans
  3 death yaks
  A queen ant (shapeshifter) (Depths:5)
  11 alligators
  12 deep troll earth magi
  6 spriggan berserkers
  8 tengu warriors
  4 orc high priests
  An iron golem (WizLab)
  2 thrashing horrors (Swamp:4)
  2 hell knights (Depths:3)
  A sun demon (D:15)
  10 shock serpents
  16 deep elf knights
  13 naga sharpshooters
  2 soul eaters
  18 skeletal warriors
  7 iron trolls
  A sixfirhy (D:12)
  44 deep trolls
  2 titan skeletons
  7 glowing orange brains
  12 flayed ghosts
  6 wizards
  2 shadow wraiths
  2 spriggan druids (Swamp:4)
  A deep troll (shapeshifter) (Vaults:5)
  11 swamp dragons
  9 sea snakes
  3 unseen horrors (shapeshifter) (WizLab)
  3 unseen horrors
  15 deep elf archers
  5 naga ritualists
  An anaconda zombie (Crypt:3)
  A shadow demon (D:8)
  A tengu zombie (Vaults:4)
  8 ironbrand convokers
  5 harpies (D:15)
  6 phantasmal warriors
  2 shambling mangroves
  A lindwurm (shapeshifter) (Vaults:5)
  2 lindwurms (Lair:6)
  11 orc knights
  6 wolf spiders
  6 necromancers
  A mana viper (shapeshifter) (WizLab)
  61 deep elf magi
  74 ugly things
  6 orc sorcerers
  9 mana vipers
  2 frost giant zombies
  A stone giant zombie (Crypt:1)
  2 oklob plants
  A worldbinder (Abyss:3)
  7 cyclopes
  3 guardian serpents (shapeshifter)
  2 moths of wrath (shapeshifter)
  A manticore (D:12)
  8 shining eyes
  34 black mambas
  A black mamba (shapeshifter) (WizLab)
  An elephant (shapeshifter) (Vaults:3)
  25 moths of wrath
  10 guardian serpents
  6 ice statues
  5 rust devils
  9 vault sentinels
  19 eyes of devastation
  Psyche (D:10)
  2 gargoyles
  2 water nymphs (shapeshifter) (WizLab)
  5 orange demons
  11 elephants
  9 spiny frogs
  8 naga magi
  A yaktaur zombie (Vaults:4)
  A torpor snail (shapeshifter) (Vaults:5)
  4 centaur skeletons
  A spiny frog (shapeshifter) (WizLab)
  4 rime drakes
  67 yaktaurs
  A rime drake (shapeshifter) (Elf:3)
  15 ice devils
  An iron troll zombie (Crypt:2)
  10 freezing wraiths
  A minotaur skeleton (Crypt:2)
  6 guardian mummies (Crypt:3)
  10 komodo dragons
  9 small abominations
  A red devil (Depths:2)
  A hydra zombie (Crypt:1)
  A tengu conjurer (Depths:1)
  10 trolls
  A meliai (shapeshifter) (WizLab)
  A tengu simulacrum (Vaults:4)
  2 jumping spiders (shapeshifter)
  An iron troll skeleton (Crypt:3)
  6 meliai (D:14)
  2 hornets (shapeshifter) (WizLab)
  17 hornets
  13 tyrant leeches
  A wolf spider simulacrum (Crypt:3)
  10 bog bodies
  A blink frog (shapeshifter) (WizLab)
  28 blink frogs
  2 harpy skeletons
  3 dream sheep (Lair:6)
  88 slime creatures
  13 hippogriffs
  3 meliai zombies
  3 air elementals
  A black mamba zombie (Crypt:2)
  A redback (shapeshifter) (Vaults:2)
  11 spriggans
  Sigmund (D:2)
  9 large abominations
  A spriggan (shapeshifter) (WizLab)
  A wyvern (shapeshifter) (WizLab)
  2 vampires
  9 water elementals
  A fire bat (shapeshifter) (Vaults:5)
  A wyvern (Lair:5)
  An ushabti (Crypt:3)
  4 fire elementals
  A human (WizLab)
  4 shadows
  15 wraiths
  2 basilisks (shapeshifter) (WizLab)
  31 yaks
  2 golden eyes (shapeshifter) (WizLab)
  10 golden eyes
  2 steam dragons (Lair:6)
  A hog (shapeshifter) (WizLab)
  2 basilisks
  A black mamba skeleton (Crypt:1)
  A chaos spawn (Depths:5)
  4 wargs
  27 vampire mosquitoes
  41 nagas
  17 swamp worms
  3 insubstantial wisps (Swamp:3)
  A spiny frog zombie (Crypt:1)
  2 acid dragons
  A gelid demonspawn zombie (Crypt:1)
  An infernal demonspawn zombie (Crypt:2)
  A soldier ant (D:12)
  6 hell hounds
  A water moccasin (shapeshifter) (Vaults:4)
  13 water moccasins
  A soldier ant (shapeshifter) (WizLab)
  5 floating eyes
  7 porcupines
  8 swamp drakes
  A deep troll skeleton (Crypt:2)
  A swamp drake (shapeshifter) (WizLab)
  48 orc warriors
  3 sky beasts
  A black bear (D:6)
  A hornet zombie (D:6)
  An ettin simulacrum (Crypt:3)
  3 eyes of draining
  4 ice beasts
  39 ogres
  An elf zombie (Vaults:4)
  16 wolves
  A black bear (shapeshifter) (WizLab)
  13 boggarts
  A boggart (shapeshifter) (Vaults:4)
  23 centaurs
  2 phantoms
  4 necrophages
  2 swamp dragon skeletons
  A hog zombie (Crypt:3)
  16 crocodiles
  A manticore skeleton (Crypt:3)
  Blork the orc (D:4)
  2 crocodiles (shapeshifter) (WizLab)
  A big kobold (D:12)
  An octopode zombie (Crypt:3)
  A big kobold (shapeshifter) (WizLab)
  16 bullfrogs
  5 earth elementals
  3 gnoll sergeants
  A draconian skeleton (Crypt:2)
  A wyvern skeleton (Crypt:3)
  A water moccasin zombie (D:7)
  A warg zombie (Crypt:1)
  6 scorpions
  A killer bee (shapeshifter) (Depths:2)
  A queen bee zombie (Crypt:2)
  19 wights
  2 bullfrog zombies (D:12)
  4 howler monkeys
  6 crimson imps
  6 hounds
  4 jellies
  4 bullfrog skeletons
  2 draconian simulacra (IceCv)
  26 orc wizards
  A quasit (D:12)
  32 orc priests
  7 iron imps
  3 iguanas
  Terence (D:2)
  4 hell rats (Lair:5)
  2 troll simulacra (IceCv)
  13 worker ants
  6 mummies (Crypt:3)
  A howler monkey zombie (D:6)
  A worker ant zombie (D:6)
  16 gnolls
  A howler monkey skeleton (D:10)
  4 naga simulacra (IceCv)
  2 ogre simulacra (IceCv)
  5 river rats (Lair:5)
  13 adders
  3 shadow imps
  A white imp (Depths:4)
  An ufetubus (D:10)
  An adder zombie (Crypt:3)
  An adder skeleton (D:4)
  4 worms
  A worm (shapeshifter) (Elf:2)
  3 dart slugs
  5 leopard geckos
  150 orcs
  11 bats
  18 giant cockroaches
  2 goblins (D:2)
  7 hobgoblins
  10 jackals
  4 quokkas
  4 ball pythons
  6 frilled lizards
  A giant cockroach zombie (D:5)
  11 kobolds
  A kobold skeleton (Crypt:2)
  A leopard gecko zombie (D:5)
  15 rats
  A crawling corpse (Vaults:5)
  5 plants
2687 creatures vanquished.

Vanquished Creatures (collateral kills)
  Frederick (Depths:5)
  Xtahua (Vaults:4)
  A caustic shrike (Depths:5)
  Jory (Vaults:3)
  2 tentacled monstrosities
  3 Orb Guardians (Zot:5)
  A titan (Vaults:5)
  A quicksilver dragon (Zot:1)
  A death cob (Zot:4)
  2 Executioners (Abyss:3)
  A lich (Vaults:5)
  An ancient champion (Crypt:3)
  2 tengu reavers (Vaults:5)
  2 shadow dragons (Vaults:5)
  A revenant (Crypt:3)
  2 draconian monks
  A vault warden (Vaults:5)
  An orc warlord (Orc:2)
  An iron dragon (Vaults:5)
  A frost giant (Depths:5)
  2 ironheart preservers
  A stone giant (Depths:5)
  2 very ugly things
  A red draconian (Depths:5)
  2 purple draconians
  A green draconian (Zot:4)
  A white draconian (Zot:4)
  A mummy priest (Crypt:3)
  2 jiangshi (Crypt:3)
  A deep elf high priest (Vaults:5)
  A rakshasa (Abyss:3)
  3 vault guards (Vaults:5)
  A yaktaur captain (Vaults:5)
  A naga warrior (Snake:3)
  A spriggan air mage (Depths:5)
  A hydra (Lair:6)
  An ogre mage (Vaults:2)
  A two-headed ogre (Vaults:5)
  A death yak (Lair:6)
  An orc high priest (Orc:2)
  A shock serpent (Snake:3)
  A thrashing horror (Abyss:3)
  A shadow wraith (Crypt:3)
  2 skeletal warriors (Crypt:3)
  A deep troll (Vaults:3)
  A sea snake (Snake:3)
  A deep elf archer (Vaults:2)
  An ironbrand convoker (Vaults:2)
  An orc knight (Vaults:5)
  A cyclops (Vaults:2)
  2 deep elf magi (Elf:3)
  A shining eye (shapeshifter) (Vaults:5)
  A moth of wrath (Zot:2)
  3 draconians (Abyss:3)
  A vault sentinel (Vaults:5)
  2 naga magi (Snake:3)
  2 spiny frogs
  2 black mambas
  A rime drake (Lair:6)
  A yaktaur (Vaults:5)
  An ancient zyme (Abyss:3)
  A tormentor (Abyss:3)
  2 tyrant leeches (Swamp:1)
  A blink frog (shapeshifter) (Depths:5)
  2 slime creatures (Swamp:1)
  A hippogriff (Lair:5)
  A bog body (Swamp:1)
  A spriggan (Depths:5)
  An air elemental (Elf:3)
  An ice dragon skeleton (Crypt:3)
  An ushabti (Crypt:3)
  A neqoxec (Abyss:3)
  A chaos spawn (Abyss:3)
  A swamp worm (Swamp:1)
  4 nagas
  A hell hound (D:10)
  A swamp drake (Swamp:1)
  2 orc warriors (Orc:2)
  An ogre (Vaults:2)
  A crocodile (D:14)
  A spiny frog simulacrum (Crypt:3)
  6 orc priests (Orc:2)
  2 orcs (Orc:2)
  A quokka skeleton (Crypt:3)
  A crawling corpse (Vaults:5)
117 creatures vanquished.

Vanquished Creatures (others)
  A deep elf blademaster (Elf:3)
  A vault warden (Vaults:2)
  A fire giant (Depths:5)
  A deep elf annihilator (Elf:3)
  A rakshasa (Vaults:2)
  2 alligators (Swamp:4)
  An ogre mage (Vaults:2)
  A two-headed ogre (Vaults:2)
  A deep elf knight (Elf:1)
  An unseen horror (D:13)
  An orc knight (Vaults:2)
  A cyclops (Vaults:2)
  4 deep elf magi
  A moth of wrath (Zot:5)
  2 hornets
  2 slime creatures (Vaults:2)
  2 spriggans (Swamp:4)
  A golden eye (Slime:5)
  A basilisk (Lair:6)
  A swamp worm (Swamp:4)
  An ice beast (Depths:4)
  An ogre (Vaults:2)
  2 orc wizards
  8 fungi
  29 plants
  6 starspawn tentacles (Abyss:3)
74 creatures vanquished.

Grand Total: 2878 creatures vanquished

Notes
Turn   | Place    | Note
-------+----------+-------------------------------------------
     0 | D:1      | Mgcat the Gnoll Berserker began the quest for the Orb.
     0 | D:1      | Reached XP level 1. HP: 23/23 MP: 1/1
   180 | D:1      | Reached XP level 2. HP: 27/29 MP: 2/2
   714 | D:2      | Reached XP level 3. HP: 35/35 MP: 3/3
   794 | D:2      | Reached skill level 1 in Invocations
   799 | D:2      | Reached ** piety under Trog
   815 | D:2      | Reached skill level 1 in Short Blades
   815 | D:2      | Reached skill level 1 in Long Blades
   815 | D:2      | Reached skill level 1 in Maces & Flails
   815 | D:2      | Reached skill level 1 in Polearms
   815 | D:2      | Reached skill level 1 in Staves
   815 | D:2      | Reached skill level 1 in Slings
   815 | D:2      | Reached skill level 1 in Bows
   815 | D:2      | Reached skill level 1 in Crossbows
   815 | D:2      | Reached skill level 1 in Throwing
   815 | D:2      | Reached skill level 1 in Stealth
   815 | D:2      | Reached skill level 1 in Shields
   815 | D:2      | Reached skill level 1 in Unarmed Combat
   815 | D:2      | Reached skill level 1 in Spellcasting
   815 | D:2      | Reached skill level 1 in Evocations
   847 | D:2      | Reached XP level 4. HP: 41/41 MP: 5/5
   892 | D:2      | Reached skill level 1 in Conjurations
   892 | D:2      | Reached skill level 1 in Hexes
   892 | D:2      | Reached skill level 1 in Charms
   892 | D:2      | Reached skill level 1 in Summonings
   892 | D:2      | Reached skill level 1 in Necromancy
   892 | D:2      | Reached skill level 1 in Translocations
   892 | D:2      | Reached skill level 1 in Transmutations
   892 | D:2      | Reached skill level 1 in Fire Magic
   892 | D:2      | Reached skill level 1 in Ice Magic
   892 | D:2      | Reached skill level 1 in Air Magic
   892 | D:2      | Reached skill level 1 in Earth Magic
   892 | D:2      | Reached skill level 1 in Poison Magic
  1003 | D:2      | Noticed Sigmund
  1007 | D:2      | Reached XP level 5. HP: 46/47 MP: 6/6
  1013 | D:2      | Killed Sigmund
  1013 | D:2      | Reached skill level 2 in Invocations
  1013 | D:2      | Reached XP level 6. HP: 53/53 MP: 6/8
  1114 | D:2      | Noticed Terence
  1123 | D:2      | Killed Terence
  1123 | D:2      | Reached skill level 5 in Armour
  1123 | D:2      | Reached skill level 5 in Dodging
  1488 | D:3      | Reached skill level 2 in Short Blades
  1488 | D:3      | Reached skill level 2 in Long Blades
  1488 | D:3      | Reached skill level 2 in Maces & Flails
  1488 | D:3      | Reached skill level 2 in Polearms
  1488 | D:3      | Reached skill level 2 in Staves
  1488 | D:3      | Reached skill level 2 in Slings
  1488 | D:3      | Reached skill level 2 in Bows
  1488 | D:3      | Reached skill level 2 in Crossbows
  1488 | D:3      | Reached skill level 2 in Throwing
  1488 | D:3      | Reached skill level 2 in Stealth
  1488 | D:3      | Reached skill level 2 in Shields
  1488 | D:3      | Reached skill level 2 in Unarmed Combat
  1488 | D:3      | Reached skill level 2 in Spellcasting
  1488 | D:3      | Reached skill level 2 in Evocations
  1615 | D:3      | Reached *** piety under Trog
  1669 | D:3      | Found a stormy altar of Qazlal.
  1826 | D:3      | Found a faded altar of an unknown god.
  1838 | D:3      | Found an iron altar of Okawaru.
  2353 | D:4      | Reached XP level 7. HP: 59/59 MP: 10/10
  2501 | D:4      | Reached skill level 7 in Fighting
  2501 | D:4      | Reached skill level 7 in Axes
  2733 | D:4      | Reached skill level 2 in Conjurations
  2733 | D:4      | Reached skill level 2 in Hexes
  2733 | D:4      | Reached skill level 2 in Charms
  2733 | D:4      | Reached skill level 2 in Summonings
  2733 | D:4      | Reached skill level 2 in Necromancy
  2733 | D:4      | Reached skill level 2 in Translocations
  2733 | D:4      | Reached skill level 2 in Transmutations
  2733 | D:4      | Reached skill level 2 in Fire Magic
  2733 | D:4      | Reached skill level 2 in Ice Magic
  2733 | D:4      | Reached skill level 2 in Air Magic
  2733 | D:4      | Reached skill level 2 in Earth Magic
  2733 | D:4      | Reached skill level 2 in Poison Magic
  3048 | D:4      | Noticed Blork the orc
  3054 | D:4      | Killed Blork the orc
  3058 | D:4      | Reached skill level 3 in Invocations
  3410 | D:5      | Entered Level 5 of the Dungeon
  3437 | D:5      | Reached XP level 8. HP: 63/67 MP: 12/12
  3471 | D:5      | Reached skill level 3 in Short Blades
  3471 | D:5      | Reached skill level 3 in Long Blades
  3471 | D:5      | Reached skill level 3 in Maces & Flails
  3471 | D:5      | Reached skill level 3 in Polearms
  3471 | D:5      | Reached skill level 3 in Staves
  3471 | D:5      | Reached skill level 3 in Slings
  3471 | D:5      | Reached skill level 3 in Bows
  3471 | D:5      | Reached skill level 3 in Crossbows
  3471 | D:5      | Reached skill level 3 in Throwing
  3471 | D:5      | Reached skill level 3 in Stealth
  3471 | D:5      | Reached skill level 3 in Shields
  3471 | D:5      | Reached skill level 3 in Unarmed Combat
  3471 | D:5      | Reached skill level 3 in Spellcasting
  3471 | D:5      | Reached skill level 3 in Evocations
  3696 | D:5      | Got a smoking wooden ring
  3698 | D:5      | Identified the ring of Plog {MR+ Dex+3 SInv} (You found it on level 5 of the Dungeon)
  4015 | D:5      | Found a staircase to the Ecumenical Temple.
  4031 | D:5      | Reached **** piety under Trog
  4371 | D:6      | Reached skill level 3 in Conjurations
  4371 | D:6      | Reached skill level 3 in Hexes
  4371 | D:6      | Reached skill level 3 in Charms
  4371 | D:6      | Reached skill level 3 in Summonings
  4371 | D:6      | Reached skill level 3 in Necromancy
  4371 | D:6      | Reached skill level 3 in Translocations
  4371 | D:6      | Reached skill level 3 in Transmutations
  4371 | D:6      | Reached skill level 3 in Fire Magic
  4371 | D:6      | Reached skill level 3 in Ice Magic
  4371 | D:6      | Reached skill level 3 in Air Magic
  4371 | D:6      | Reached skill level 3 in Earth Magic
  4371 | D:6      | Reached skill level 3 in Poison Magic
  4371 | D:6      | Reached skill level 4 in Invocations
  4428 | D:6      | Reached XP level 9. HP: 72/72 MP: 14/14
  4439 | D:6      | Reached skill level 6 in Armour
  4439 | D:6      | Reached skill level 6 in Dodging
  4527 | D:6      | Found a runed door.
  4713 | D:6      | Found a runed door.
  4713 | D:6      | Noticed Karim's ghost (novice GnIE)
  4936 | D:6      | Reached skill level 4 in Short Blades
  4936 | D:6      | Reached skill level 4 in Long Blades
  4936 | D:6      | Reached skill level 4 in Maces & Flails
  4936 | D:6      | Reached skill level 4 in Polearms
  4936 | D:6      | Reached skill level 4 in Staves
  4936 | D:6      | Reached skill level 4 in Slings
  4936 | D:6      | Reached skill level 4 in Bows
  4936 | D:6      | Reached skill level 4 in Crossbows
  4936 | D:6      | Reached skill level 4 in Throwing
  4936 | D:6      | Reached skill level 4 in Stealth
  4936 | D:6      | Reached skill level 4 in Shields
  4936 | D:6      | Reached skill level 4 in Unarmed Combat
  4936 | D:6      | Reached skill level 4 in Spellcasting
  4936 | D:6      | Reached skill level 4 in Evocations
  5133 | D:6      | Found a white marble altar of Elyvilon.
  5549 | D:7      | Reached skill level 8 in Fighting
  5549 | D:7      | Reached skill level 8 in Axes
  5652 | D:7      | Found Uhit's Assorted Antiques.
  5682 | D:7      | Reached skill level 5 in Invocations
  5792 | D:7      | Bought a glowing scarf for 264 gold pieces
  5957 | D:7      | Found a blossoming altar of Fedhas.
  5970 | D:7      | Noticed an oklob plant
  6447 | D:8      | Reached XP level 10. HP: 32/80 MP: 17/17
  6923 | D:8      | Reached skill level 4 in Conjurations
  6923 | D:8      | Reached skill level 4 in Hexes
  6923 | D:8      | Reached skill level 4 in Charms
  6923 | D:8      | Reached skill level 4 in Summonings
  6923 | D:8      | Reached skill level 4 in Necromancy
  6923 | D:8      | Reached skill level 4 in Translocations
  6923 | D:8      | Reached skill level 4 in Transmutations
  6923 | D:8      | Reached skill level 4 in Fire Magic
  6923 | D:8      | Reached skill level 4 in Ice Magic
  6923 | D:8      | Reached skill level 4 in Air Magic
  6923 | D:8      | Reached skill level 4 in Earth Magic
  6923 | D:8      | Reached skill level 4 in Poison Magic
  6971 | D:8      | Reached ***** piety under Trog
  7040 | D:8      | Found an iron altar of Okawaru.
  7418 | D:8      | Reached skill level 5 in Short Blades
  7418 | D:8      | Reached skill level 5 in Long Blades
  7418 | D:8      | Reached skill level 5 in Maces & Flails
  7418 | D:8      | Reached skill level 5 in Polearms
  7418 | D:8      | Reached skill level 5 in Staves
  7418 | D:8      | Reached skill level 5 in Slings
  7418 | D:8      | Reached skill level 5 in Bows
  7418 | D:8      | Reached skill level 5 in Crossbows
  7418 | D:8      | Reached skill level 5 in Throwing
  7418 | D:8      | Reached skill level 5 in Stealth
  7418 | D:8      | Reached skill level 5 in Shields
  7418 | D:8      | Reached skill level 5 in Unarmed Combat
  7418 | D:8      | Reached skill level 5 in Spellcasting
  7418 | D:8      | Reached skill level 5 in Evocations
  7582 | D:9      | Found a hide-covered altar of Uskayaw.
  7605 | D:9      | Found Byxomyrph's Distillery.
  7726 | D:9      | Found Rotuenlu's General Store.
  7755 | D:9      | Found an opulent altar of Gozag.
  7769 | D:9      | Reached skill level 7 in Armour
  7769 | D:9      | Reached skill level 7 in Dodging
  7943 | D:9      | Noticed a two-headed ogre
  7956 | D:9      | Killed a two-headed ogre
  7956 | D:9      | Reached skill level 6 in Invocations
  8003 | D:9      | Found Kuerr's Distillery.
  8110 | D:9      | Found Puituck's Antique Armour Shop.
  8137 | D:9      | Bought a brightly glowing chain mail for 285 gold pieces
  8148 | D:9      | Identified the +1 chain mail of the Republic {rF+ Str+6 Slay-3} (You bought it in a shop on level 9 of the Dungeon)
  8242 | D:9      | Found a snail-covered altar of Cheibriados.
  8298 | D:9      | Found a shadowy altar of Dithmenos.
  8299 | D:9      | Found a blossoming altar of Fedhas.
  8489 | D:10     | Entered Level 10 of the Dungeon
  8544 | D:10     | Noticed Psyche
  8558 | D:10     | Killed Psyche
  8558 | D:10     | Reached XP level 11. HP: 87/87 MP: 19/19
  8676 | D:10     | You fall through a shaft!
  8737 | D:11     | Noticed Sonja
  8744 | D:11     | Noticed Sonja
  8744 | D:11     | Sonja changed into Sonja the ogre
  8751 | D:11     | Killed Sonja the ogre
  8803 | D:11     | Found Muidgh's Weapon Emporium.
  8895 | D:10     | Noticed a two-headed ogre
  8906 | D:10     | Killed a two-headed ogre
  8906 | D:10     | Reached skill level 9 in Fighting
  8906 | D:10     | Reached skill level 6 in Short Blades
  8906 | D:10     | Reached skill level 6 in Long Blades
  8906 | D:10     | Reached skill level 9 in Axes
  8906 | D:10     | Reached skill level 6 in Maces & Flails
  8906 | D:10     | Reached skill level 6 in Polearms
  8906 | D:10     | Reached skill level 6 in Staves
  8906 | D:10     | Reached skill level 6 in Slings
  8906 | D:10     | Reached skill level 6 in Bows
  8906 | D:10     | Reached skill level 6 in Crossbows
  8906 | D:10     | Reached skill level 6 in Throwing
  8906 | D:10     | Reached skill level 6 in Stealth
  8906 | D:10     | Reached skill level 6 in Shields
  8906 | D:10     | Reached skill level 6 in Unarmed Combat
  8906 | D:10     | Reached skill level 6 in Spellcasting
  8906 | D:10     | Reached skill level 5 in Conjurations
  8906 | D:10     | Reached skill level 5 in Hexes
  8906 | D:10     | Reached skill level 5 in Charms
  8906 | D:10     | Reached skill level 5 in Summonings
  8906 | D:10     | Reached skill level 5 in Necromancy
  8906 | D:10     | Reached skill level 5 in Translocations
  8906 | D:10     | Reached skill level 5 in Transmutations
  8906 | D:10     | Reached skill level 5 in Fire Magic
  8906 | D:10     | Reached skill level 5 in Ice Magic
  8906 | D:10     | Reached skill level 5 in Air Magic
  8906 | D:10     | Reached skill level 5 in Earth Magic
  8906 | D:10     | Reached skill level 5 in Poison Magic
  8906 | D:10     | Reached skill level 6 in Evocations
  9093 | D:10     | Noticed a two-headed ogre
  9100 | D:10     | Killed a two-headed ogre
  9425 | D:10     | Noticed a two-headed ogre
  9434 | D:10     | Killed a two-headed ogre
  9798 | D:11     | Found a staircase to the Lair.
  9803 | D:11     | Noticed an oklob plant
  9848 | D:11     | Reached skill level 7 in Invocations
 10233 | D:11     | Reached skill level 8 in Armour
 10233 | D:11     | Reached skill level 8 in Dodging
 10236 | D:11     | Noticed a cyclops
 10249 | D:11     | Killed a cyclops
 10469 | D:11     | Killed an oklob plant
 10761 | Lair:1   | Entered Level 1 of the Lair of Beasts
 11247 | Lair:1   | Reached XP level 12. HP: 96/96 MP: 22/22
 11682 | Lair:2   | Noticed a seven-headed hydra
 11692 | Lair:2   | Killed a three-headed hydra
 11706 | Lair:2   | Found a staircase to the Snake Pit.
 11844 | Lair:2   | Reached skill level 7 in Short Blades
 11844 | Lair:2   | Reached skill level 7 in Long Blades
 11844 | Lair:2   | Reached skill level 7 in Maces & Flails
 11844 | Lair:2   | Reached skill level 7 in Polearms
 11844 | Lair:2   | Reached skill level 7 in Staves
 11844 | Lair:2   | Reached skill level 7 in Slings
 11844 | Lair:2   | Reached skill level 7 in Bows
 11844 | Lair:2   | Reached skill level 7 in Crossbows
 11844 | Lair:2   | Reached skill level 7 in Throwing
 11844 | Lair:2   | Reached skill level 7 in Stealth
 11844 | Lair:2   | Reached skill level 7 in Shields
 11844 | Lair:2   | Reached skill level 7 in Unarmed Combat
 11844 | Lair:2   | Reached skill level 7 in Spellcasting
 11844 | Lair:2   | Reached skill level 7 in Evocations
 11865 | Lair:2   | Found a frozen archway.
 11931 | IceCv    | Entered an ice cave
 11948 | IceCv    | Received a gift from Trog
 12570 | IceCv    | Reached skill level 6 in Conjurations
 12570 | IceCv    | Reached skill level 6 in Hexes
 12570 | IceCv    | Reached skill level 6 in Charms
 12570 | IceCv    | Reached skill level 6 in Summonings
 12570 | IceCv    | Reached skill level 6 in Necromancy
 12570 | IceCv    | Reached skill level 6 in Translocations
 12570 | IceCv    | Reached skill level 6 in Transmutations
 12570 | IceCv    | Reached skill level 6 in Fire Magic
 12570 | IceCv    | Reached skill level 6 in Ice Magic
 12570 | IceCv    | Reached skill level 6 in Air Magic
 12570 | IceCv    | Reached skill level 6 in Earth Magic
 12570 | IceCv    | Reached skill level 6 in Poison Magic
 12588 | IceCv    | Received a gift from Trog
 12714 | IceCv    | Reached skill level 8 in Invocations
 13315 | IceCv    | Found the +2 ratskin cloak {+Rats rPois rN+ Str-1 Int-1 Dex+1}
 13373 | IceCv    | Got a faintly humming hat
 13377 | IceCv    | Got a pitted scimitar
 13382 | IceCv    | Got a steaming ring mail
 13395 | IceCv    | Identified the +1 hat "Jemergh" {MP+9 SInv} (You found it in an ice cave)
 13395 | IceCv    | Identified the +8 scimitar of Resumed Hostilities {freeze, rPois Int+2} (You found it in an ice cave)
 13407 | IceCv    | Identified the +5 ring mail of the Known World {rF+ rN++ Dex-2} (You found it in an ice cave)
 13652 | Lair:2   | Found a staircase to the Swamp.
 13663 | Lair:2   | Reached skill level 10 in Fighting
 13663 | Lair:2   | Reached skill level 10 in Axes
 13835 | Lair:2   | Received a gift from Trog
 13856 | Lair:2   | Reached skill level 9 in Armour
 13856 | Lair:2   | Reached skill level 9 in Dodging
 14322 | Lair:3   | Noticed a four-headed hydra
 14331 | Lair:3   | Killed a ten-headed hydra
 14331 | Lair:3   | Reached XP level 13. HP: 73/103 MP: 24/24
 14816 | Lair:3   | Reached skill level 8 in Short Blades
 14816 | Lair:3   | Reached skill level 8 in Long Blades
 14816 | Lair:3   | Reached skill level 8 in Maces & Flails
 14816 | Lair:3   | Reached skill level 8 in Polearms
 14816 | Lair:3   | Reached skill level 8 in Staves
 14816 | Lair:3   | Reached skill level 8 in Slings
 14816 | Lair:3   | Reached skill level 8 in Bows
 14816 | Lair:3   | Reached skill level 8 in Crossbows
 14816 | Lair:3   | Reached skill level 8 in Throwing
 14816 | Lair:3   | Reached skill level 8 in Stealth
 14816 | Lair:3   | Reached skill level 8 in Shields
 14816 | Lair:3   | Reached skill level 8 in Unarmed Combat
 14816 | Lair:3   | Reached skill level 8 in Spellcasting
 14816 | Lair:3   | Reached skill level 8 in Evocations
 15590 | Lair:4   | Found a shattered altar of Ashenzari.
 15714 | Lair:4   | Reached skill level 9 in Invocations
 17210 | Lair:6   | Entered Level 6 of the Lair of Beasts
 17210 | Lair:6   | Found a viscous altar of Jiyva.
 17210 | Lair:6   | Found a staircase to the Slime Pits.
 17229 | Lair:6   | Received a gift from Trog
 17229 | Lair:6   | Reached skill level 7 in Conjurations
 17229 | Lair:6   | Reached skill level 7 in Hexes
 17229 | Lair:6   | Reached skill level 7 in Charms
 17229 | Lair:6   | Reached skill level 7 in Summonings
 17229 | Lair:6   | Reached skill level 7 in Necromancy
 17229 | Lair:6   | Reached skill level 7 in Translocations
 17229 | Lair:6   | Reached skill level 7 in Transmutations
 17229 | Lair:6   | Reached skill level 7 in Fire Magic
 17229 | Lair:6   | Reached skill level 7 in Ice Magic
 17229 | Lair:6   | Reached skill level 7 in Air Magic
 17229 | Lair:6   | Reached skill level 7 in Earth Magic
 17229 | Lair:6   | Reached skill level 7 in Poison Magic
 17814 | Lair:6   | Reached XP level 14. HP: 88/111 MP: 26/26
 17834 | Lair:6   | Noticed Josephine
 17841 | Lair:6   | Killed Josephine
 18110 | Lair:6   | Reached skill level 10 in Armour
 18110 | Lair:6   | Reached skill level 10 in Dodging
 18236 | Lair:6   | Reached skill level 11 in Fighting
 18236 | Lair:6   | Reached skill level 11 in Axes
 18260 | Lair:6   | Reached skill level 9 in Short Blades
 18260 | Lair:6   | Reached skill level 9 in Long Blades
 18260 | Lair:6   | Reached skill level 9 in Maces & Flails
 18260 | Lair:6   | Reached skill level 9 in Polearms
 18260 | Lair:6   | Reached skill level 9 in Staves
 18260 | Lair:6   | Reached skill level 9 in Slings
 18260 | Lair:6   | Reached skill level 9 in Bows
 18260 | Lair:6   | Reached skill level 9 in Crossbows
 18260 | Lair:6   | Reached skill level 9 in Throwing
 18260 | Lair:6   | Reached skill level 9 in Stealth
 18260 | Lair:6   | Reached skill level 9 in Shields
 18260 | Lair:6   | Reached skill level 9 in Unarmed Combat
 18260 | Lair:6   | Reached skill level 9 in Spellcasting
 18260 | Lair:6   | Reached skill level 9 in Evocations
 18912 | Lair:6   | Reached skill level 10 in Invocations
 18912 | Lair:6   | HP: 23/113 [six-headed hydra (10)]
 19595 | D:12     | Found an opulent altar of Gozag.
 19668 | D:12     | Found a staircase to the Orcish Mines.
 19860 | D:12     | Received a gift from Trog
 20711 | D:12     | Noticed Nees's ghost (journeyman DsGl)
 20712 | D:12     | Found a runed gate.
 20713 | D:12     | Found a runed gate.
 20713 | D:12     | Found a runed gate.
 20876 | D:12     | Killed Nees's ghost
 20930 | Orc:1    | Entered Level 1 of the Orcish Mines
 20930 | Orc:1    | Found Verruv's Antique Armour Boutique.
 20956 | Orc:1    | Received a gift from Trog
 21177 | Orc:1    | Found a transporter.
 21198 | Orc:1    | Noticed Patate's ghost (journeyman TrFi)
 21301 | Orc:1    | Reached skill level 8 in Conjurations
 21301 | Orc:1    | Reached skill level 8 in Hexes
 21301 | Orc:1    | Reached skill level 8 in Charms
 21301 | Orc:1    | Reached skill level 8 in Summonings
 21301 | Orc:1    | Reached skill level 8 in Necromancy
 21301 | Orc:1    | Reached skill level 8 in Translocations
 21301 | Orc:1    | Reached skill level 8 in Transmutations
 21301 | Orc:1    | Reached skill level 8 in Fire Magic
 21301 | Orc:1    | Reached skill level 8 in Ice Magic
 21301 | Orc:1    | Reached skill level 8 in Air Magic
 21301 | Orc:1    | Reached skill level 8 in Earth Magic
 21301 | Orc:1    | Reached skill level 8 in Poison Magic
 21301 | Orc:1    | Reached XP level 15. HP: 93/119 MP: 28/28
 21329 | Orc:1    | Found a transporter.
 21575 | Orc:2    | Entered Level 2 of the Orcish Mines
 22203 | Orc:2    | HP: 24/119 [rust devil[an orc high priest] (9)]
 22395 | Orc:2    | Noticed an orc warlord
 22401 | Orc:2    | Received a gift from Trog
 22407 | Orc:2    | Killed an orc warlord
 22410 | Orc:2    | Found a roughly hewn altar of Beogh.
 22541 | Orc:2    | Found Atiff's Food Emporium.
 22620 | Orc:2    | Found Kohy's Weapon Shop.
 22804 | Orc:2    | Found a staircase to the Elven Halls.
 23048 | Orc:2    | Found Wizay's Armour Shoppe.
 23070 | Orc:2    | Found Baseydok's Gadget Emporium.
 23285 | Orc:2    | Found a roughly hewn altar of Beogh.
 23575 | D:13     | Found Qoosadghi's Armour Boutique.
 23635 | D:13     | Received a gift from Trog
 23639 | D:13     | Reached skill level 10 in Short Blades
 23639 | D:13     | Reached skill level 10 in Long Blades
 23639 | D:13     | Reached skill level 10 in Maces & Flails
 23639 | D:13     | Reached skill level 10 in Polearms
 23639 | D:13     | Reached skill level 10 in Staves
 23639 | D:13     | Reached skill level 10 in Slings
 23639 | D:13     | Reached skill level 10 in Bows
 23639 | D:13     | Reached skill level 10 in Crossbows
 23639 | D:13     | Reached skill level 10 in Throwing
 23639 | D:13     | Reached skill level 10 in Stealth
 23639 | D:13     | Reached skill level 10 in Shields
 23639 | D:13     | Reached skill level 10 in Unarmed Combat
 23639 | D:13     | Reached skill level 10 in Spellcasting
 23639 | D:13     | Reached skill level 10 in Evocations
 23793 | D:13     | Got a transparent halberd {chop}
 23794 | D:13     | Identified the +9 halberd "Ruxkack" {chop, rC+ rN+ MR- Dex+2} (You took it off a centaur on level 13 of the Dungeon)
 23842 | D:13     | Reached skill level 11 in Armour
 23842 | D:13     | Reached skill level 11 in Dodging
 24012 | D:13     | Found a gate to the Vaults.
 24475 | D:14     | Reached skill level 11 in Invocations
 25301 | D:14     | Received a gift from Trog
 25387 | D:14     | Reached skill level 12 in Fighting
 25387 | D:14     | Reached skill level 12 in Axes
 25493 | D:14     | Got an encrusted plate armour
 25504 | D:14     | Identified the +13 plate armour of Distant Worlds {rPois} (You found it on level 14 of the Dungeon)
 25732 | D:15     | Entered Level 15 of the Dungeon
 25788 | D:15     | Reached XP level 16. HP: 104/127 MP: 30/30
 26508 | D:15     | Reached skill level 9 in Conjurations
 26508 | D:15     | Reached skill level 9 in Hexes
 26508 | D:15     | Reached skill level 9 in Charms
 26508 | D:15     | Reached skill level 9 in Summonings
 26508 | D:15     | Reached skill level 9 in Necromancy
 26508 | D:15     | Reached skill level 9 in Translocations
 26508 | D:15     | Reached skill level 9 in Transmutations
 26508 | D:15     | Reached skill level 9 in Fire Magic
 26508 | D:15     | Reached skill level 9 in Ice Magic
 26508 | D:15     | Reached skill level 9 in Air Magic
 26508 | D:15     | Reached skill level 9 in Earth Magic
 26508 | D:15     | Reached skill level 9 in Poison Magic
 26624 | D:15     | Found a snail-covered altar of Cheibriados.
 26878 | D:15     | Received a gift from Trog
 27138 | D:15     | Found a staircase to the Depths.
 27484 | Swamp:1  | Entered Level 1 of the Swamp
 27537 | Swamp:1  | Received a gift from Trog
 27734 | Swamp:1  | HP: 22/128 [bog body (15)]
 28377 | Swamp:2  | Noticed a thorn hunter
 28394 | Swamp:2  | Killed a thorn hunter
 29105 | Swamp:3  | Noticed a thorn hunter
 29112 | Swamp:3  | Reached skill level 11 in Short Blades
 29112 | Swamp:3  | Reached skill level 11 in Long Blades
 29112 | Swamp:3  | Reached skill level 11 in Maces & Flails
 29112 | Swamp:3  | Reached skill level 11 in Polearms
 29112 | Swamp:3  | Reached skill level 11 in Staves
 29112 | Swamp:3  | Reached skill level 11 in Slings
 29112 | Swamp:3  | Reached skill level 11 in Bows
 29112 | Swamp:3  | Reached skill level 11 in Crossbows
 29112 | Swamp:3  | Reached skill level 11 in Throwing
 29112 | Swamp:3  | Reached skill level 11 in Stealth
 29112 | Swamp:3  | Reached skill level 11 in Shields
 29112 | Swamp:3  | Reached skill level 11 in Unarmed Combat
 29112 | Swamp:3  | Reached skill level 11 in Spellcasting
 29112 | Swamp:3  | Reached skill level 11 in Evocations
 29120 | Swamp:3  | Killed a thorn hunter
 29390 | Swamp:3  | Got a distressingly furry leather armour
 29446 | Swamp:3  | Reached XP level 17. HP: 135/135 MP: 32/32
 29698 | Snake:1  | Entered Level 1 of the Snake Pit
 29724 | Snake:1  | Reached skill level 12 in Invocations
 29928 | Snake:1  | Received a gift from Trog
 29934 | Snake:1  | Reached skill level 12 in Armour
 29934 | Snake:1  | Reached skill level 12 in Dodging
 30852 | Snake:2  | Received a gift from Trog
 31308 | Snake:2  | Received a gift from Trog
 32374 | Snake:2  | Reached skill level 13 in Fighting
 32374 | Snake:2  | Reached skill level 13 in Axes
 32637 | Snake:3  | Received a gift from Trog
 33046 | Snake:3  | HP: 24/136 [shock serpent (14)]
 33642 | Snake:3  | Found a glowing silver altar of Zin.
 33694 | Snake:3  | Reached skill level 10 in Conjurations
 33694 | Snake:3  | Reached skill level 10 in Hexes
 33694 | Snake:3  | Reached skill level 10 in Charms
 33694 | Snake:3  | Reached skill level 10 in Summonings
 33694 | Snake:3  | Reached skill level 10 in Necromancy
 33694 | Snake:3  | Reached skill level 10 in Translocations
 33694 | Snake:3  | Reached skill level 10 in Transmutations
 33694 | Snake:3  | Reached skill level 10 in Fire Magic
 33694 | Snake:3  | Reached skill level 10 in Ice Magic
 33694 | Snake:3  | Reached skill level 10 in Air Magic
 33694 | Snake:3  | Reached skill level 10 in Earth Magic
 33694 | Snake:3  | Reached skill level 10 in Poison Magic
 33706 | Snake:3  | Received a gift from Trog
 34028 | Snake:4  | Entered Level 4 of the Snake Pit
 34043 | Snake:4  | HP: 26/136 [sea snake (11)]
 34048 | Snake:3  | HP: 22/136 [poisoned by a black mamba]
 34054 | Snake:3  | HP: 19/136 [poisoned by a black mamba]
 34060 | Snake:3  | HP: 16/136 [poisoned by a black mamba]
 34065 | Snake:3  | HP: 16/136 [poisoned by a black mamba]
 34072 | Snake:3  | HP: 16/136 [poisoned by a black mamba]
 34080 | Snake:3  | HP: 17/136 [poisoned by a black mamba]
 34606 | Swamp:4  | Entered Level 4 of the Swamp
 34624 | Swamp:4  | Reached XP level 18. HP: 101/143 MP: 33/33
 36012 | Swamp:4  | Received a gift from Trog
 36392 | Swamp:4  | Reached skill level 12 in Short Blades
 36392 | Swamp:4  | Reached skill level 12 in Long Blades
 36392 | Swamp:4  | Reached skill level 12 in Maces & Flails
 36392 | Swamp:4  | Reached skill level 12 in Polearms
 36392 | Swamp:4  | Reached skill level 12 in Staves
 36392 | Swamp:4  | Reached skill level 12 in Slings
 36392 | Swamp:4  | Reached skill level 12 in Bows
 36392 | Swamp:4  | Reached skill level 12 in Crossbows
 36392 | Swamp:4  | Reached skill level 12 in Throwing
 36392 | Swamp:4  | Reached skill level 12 in Stealth
 36392 | Swamp:4  | Reached skill level 12 in Shields
 36392 | Swamp:4  | Reached skill level 12 in Unarmed Combat
 36392 | Swamp:4  | Reached skill level 12 in Spellcasting
 36392 | Swamp:4  | Reached skill level 12 in Evocations
 36527 | Swamp:4  | Got a decaying rune of Zot
 36895 | Snake:4  | Reached skill level 13 in Invocations
 37074 | Snake:4  | Received a gift from Trog
 37320 | Snake:4  | Received a gift from Trog
 37977 | Snake:4  | HP: 36/144 [poisoned by a guardian serpent (bolt of poison)]
 37982 | Snake:3  | HP: 33/144 [poisoned by a guardian serpent (bolt of poison)]
 37988 | Snake:3  | HP: 32/144 [poisoned by a guardian serpent (bolt of poison)]
 37995 | Snake:3  | HP: 32/144 [poisoned by a guardian serpent (bolt of poison)]
 38369 | Snake:4  | Received a gift from Trog
 38445 | Snake:3  | HP: 33/144 [naga warrior/flail (6)]
 38450 | Snake:3  | HP: 26/144 [poisoned by a naga warrior (splash of poison)]
 38455 | Snake:3  | HP: 24/144 [poisoned by a naga warrior (splash of poison)]
 38461 | Snake:3  | HP: 24/144 [poisoned by a naga warrior (splash of poison)]
 38469 | Snake:3  | HP: 25/144 [poisoned by a naga warrior (splash of poison)]
 38839 | Snake:4  | Received a gift from Trog
 38849 | Snake:4  | Reached skill level 13 in Armour
 38849 | Snake:4  | Reached skill level 13 in Dodging
 38977 | Snake:4  | Reached XP level 19. HP: 151/151 MP: 35/35
 39791 | Snake:4  | Got a serpentine rune of Zot
 40017 | Vaults:1 | Entered Level 1 of the Vaults
 40138 | Vaults:1 | Found Akicioh's Antique Armour Shop.
 41479 | Vaults:2 | Reached skill level 14 in Fighting
 41479 | Vaults:2 | Reached skill level 14 in Axes
 41851 | Vaults:2 | Got a smoking quarterstaff
 41852 | Vaults:2 | Identified the +6 quarterstaff of a treasure trove {distort, *Contam Int+5 Dex+3} (You found it on level 2 of the Vaults)
 41940 | Vaults:2 | Received a gift from Trog
 42109 | Vaults:2 | Reached skill level 11 in Conjurations
 42109 | Vaults:2 | Reached skill level 11 in Hexes
 42109 | Vaults:2 | Reached skill level 11 in Charms
 42109 | Vaults:2 | Reached skill level 11 in Summonings
 42109 | Vaults:2 | Reached skill level 11 in Necromancy
 42109 | Vaults:2 | Reached skill level 11 in Translocations
 42109 | Vaults:2 | Reached skill level 11 in Transmutations
 42109 | Vaults:2 | Reached skill level 11 in Fire Magic
 42109 | Vaults:2 | Reached skill level 11 in Ice Magic
 42109 | Vaults:2 | Reached skill level 11 in Air Magic
 42109 | Vaults:2 | Reached skill level 11 in Earth Magic
 42109 | Vaults:2 | Reached skill level 11 in Poison Magic
 42415 | Vaults:2 | Found Juen's Assorted Antiques.
 42416 | Vaults:2 | Found Bileig's Distillery.
 42423 | Vaults:2 | Bought a scroll labeled WIPATH ZABLUER for 38 gold pieces
 42618 | Vaults:2 | Found a staircase to the Crypt.
 42618 | Vaults:2 | Found an ancient bone altar of Kikubaaqudgha.
 42619 | Vaults:2 | Found a basalt altar of Yredelemnul.
 42655 | Vaults:2 | Found Xiexzom's Armour Boutique.
 42751 | Vaults:2 | Found Finait's Assorted Antiques.
 42780 | Vaults:2 | Found Xyopaq's Food Shoppe.
 42825 | Vaults:2 | Received a gift from Trog
 43324 | Vaults:2 | Reached XP level 20. HP: 147/159 MP: 36/36
 43431 | Vaults:2 | Found Juen's Assorted Antiques.
 43432 | Vaults:2 | Found Bileig's Distillery.
 43511 | Vaults:2 | Found an ancient bone altar of Kikubaaqudgha.
 43512 | Vaults:2 | Found a staircase to the Crypt.
 43513 | Vaults:2 | Found a basalt altar of Yredelemnul.
 43534 | Vaults:2 | Found Xiexzom's Armour Boutique.
 43600 | Vaults:2 | Found Xyopaq's Food Shoppe.
 43775 | Vaults:2 | Found Finait's Assorted Antiques.
 43906 | Vaults:2 | Cast into level 3 of the Abyss (a distortion unwield)
 43906 | Abyss:3  | Found a transporter.
 43931 | Abyss:3  | Gained mutation: You occasionally shout uncontrollably at your foes. [a neqoxec]
 43933 | Abyss:3  | Reached skill level 14 in Invocations
 43935 | Abyss:3  | Reached skill level 13 in Short Blades
 43935 | Abyss:3  | Reached skill level 13 in Long Blades
 43935 | Abyss:3  | Reached skill level 13 in Maces & Flails
 43935 | Abyss:3  | Reached skill level 13 in Polearms
 43935 | Abyss:3  | Reached skill level 13 in Staves
 43935 | Abyss:3  | Reached skill level 13 in Slings
 43935 | Abyss:3  | Reached skill level 13 in Bows
 43935 | Abyss:3  | Reached skill level 13 in Crossbows
 43935 | Abyss:3  | Reached skill level 13 in Throwing
 43935 | Abyss:3  | Reached skill level 13 in Stealth
 43935 | Abyss:3  | Reached skill level 13 in Shields
 43935 | Abyss:3  | Reached skill level 13 in Unarmed Combat
 43935 | Abyss:3  | Reached skill level 13 in Spellcasting
 43935 | Abyss:3  | Reached skill level 13 in Evocations
 43945 | Abyss:3  | Received a gift from Trog
 43954 | Abyss:3  | Gained mutation: Your spells are a little easier to cast, but a little less powerful. [mutagenic glow]
 43965 | Abyss:3  | Noticed an ancient lich
 43970 | Abyss:3  | Noticed a Brimstone Fiend
 43974 | Abyss:3  | Killed an ancient lich
 43986 | Abyss:3  | Found a transporter.
 43992 | Abyss:3  | Found a transporter.
 43993 | Abyss:3  | Got an abyssal rune of Zot
 44130 | Vaults:2 | Escaped the Abyss
 44288 | Vaults:3 | Received a gift from Trog
 44328 | Vaults:3 | Noticed Jory
 44348 | Vaults:3 | Killed Jory
 44783 | Vaults:3 | Found Kitom's Gadget Shoppe.
 44937 | Vaults:3 | Received a gift from Trog
 44946 | Vaults:3 | Got a shimmering leather armour
 45325 | Vaults:3 | Got a polished ring mail
 45521 | Vaults:3 | Reached skill level 14 in Armour
 45521 | Vaults:3 | Reached skill level 14 in Dodging
 46013 | Vaults:4 | HP: 36/160 [flayed ghost/flay_damage (19)]
 46039 | Vaults:4 | Received a gift from Trog
 46427 | Vaults:4 | Noticed Xtahua
 46433 | Vaults:4 | Killed Xtahua
 46742 | Vaults:4 | Reached XP level 21. HP: 132/166 MP: 38/38
 47188 | Depths:1 | Entered Level 1 of the Depths
 47416 | Depths:1 | Found Fosm's Demolitions Depot.
 47510 | Depths:1 | Found Ijotio's Antique Weapon Boutique.
 47559 | Depths:1 | Found a one-way gate leading to the halls of Pandemonium.
 47614 | Depths:1 | HP: 35/167 [frost giant/battleaxe of freezing (26)]
 48036 | Depths:1 | Reached skill level 15 in Fighting
 48036 | Depths:1 | Reached skill level 15 in Axes
 48183 | Depths:1 | Reached skill level 15 in Invocations
 48185 | Depths:1 | Reached skill level 12 in Conjurations
 48185 | Depths:1 | Reached skill level 12 in Hexes
 48185 | Depths:1 | Reached skill level 12 in Charms
 48185 | Depths:1 | Reached skill level 12 in Summonings
 48185 | Depths:1 | Reached skill level 12 in Necromancy
 48185 | Depths:1 | Reached skill level 12 in Translocations
 48185 | Depths:1 | Reached skill level 12 in Transmutations
 48185 | Depths:1 | Reached skill level 12 in Fire Magic
 48185 | Depths:1 | Reached skill level 12 in Ice Magic
 48185 | Depths:1 | Reached skill level 12 in Air Magic
 48185 | Depths:1 | Reached skill level 12 in Earth Magic
 48185 | Depths:1 | Reached skill level 12 in Poison Magic
 48195 | Depths:1 | Received a gift from Trog
 48267 | Depths:1 | Found a gateway to Hell.
 48370 | Depths:1 | Found a gateway to a ziggurat.
 48609 | Depths:1 | Reached skill level 14 in Short Blades
 48609 | Depths:1 | Reached skill level 14 in Long Blades
 48609 | Depths:1 | Reached skill level 14 in Maces & Flails
 48609 | Depths:1 | Reached skill level 14 in Polearms
 48609 | Depths:1 | Reached skill level 14 in Staves
 48609 | Depths:1 | Reached skill level 14 in Slings
 48609 | Depths:1 | Reached skill level 14 in Bows
 48609 | Depths:1 | Reached skill level 14 in Crossbows
 48609 | Depths:1 | Reached skill level 14 in Throwing
 48609 | Depths:1 | Reached skill level 14 in Stealth
 48609 | Depths:1 | Reached skill level 14 in Shields
 48609 | Depths:1 | Reached skill level 14 in Unarmed Combat
 48609 | Depths:1 | Reached skill level 14 in Spellcasting
 48609 | Depths:1 | Reached skill level 14 in Evocations
 48610 | Depths:1 | Found Fazib's Book Boutique.
 49262 | Depths:1 | Found a one-way gate to the infinite horrors of the Abyss.
 49656 | Depths:1 | Got an ancient steel amulet
 49657 | Depths:1 | Identified the amulet of the Cast Vote {Spirit +Fly rF+ Int-4 Dex+3} (You found it on level 1 of the Depths)
 49793 | Depths:1 | Upgraded the game from 0.22-a0-880-gb7b0c8b to 0.23-a0-4-g8f018a2
 50213 | Depths:2 | Reached XP level 22. HP: 143/175 MP: 36/40
 50378 | Depths:2 | Found Ibet's Book Emporium.
 50386 | Depths:2 | Received a gift from Trog
 50698 | D:7      | Bought distressingly furry storm dragon scales for 2805 gold pieces
 50708 | D:7      | Identified the +10 storm dragon scales of Yredelemnul's Scorn {rElec rC- Str+4 Dex+6 Slay+3} (You bought it in a shop on level 7 of the Dungeon)
 51166 | Depths:2 | Received a gift from Trog
 51233 | Depths:2 | Found a runed door.
 51233 | Depths:2 | Found a shimmering altar of Xom.
 51235 | Depths:2 | Noticed Nilihum's ghost (veteran HOMo)
 51354 | Depths:2 | Noticed a caustic shrike
 51354 | Depths:2 | Noticed a caustic shrike
 51354 | Depths:2 | Noticed a caustic shrike
 51354 | Depths:2 | Noticed a caustic shrike
 51354 | Depths:2 | Noticed a caustic shrike
 51355 | Depths:2 | Noticed a caustic shrike
 51355 | Depths:2 | Noticed a caustic shrike
 51356 | Depths:2 | Noticed a caustic shrike
 51769 | Depths:2 | Killed a caustic shrike
 51769 | Depths:2 | Received a gift from Trog
 51861 | Depths:2 | Killed a caustic shrike
 51984 | Depths:2 | Killed a caustic shrike
 51989 | Depths:2 | Killed a caustic shrike
 51994 | Depths:2 | Killed a caustic shrike
 52005 | Depths:2 | Reached skill level 15 in Armour
 52005 | Depths:2 | Reached skill level 15 in Dodging
 52029 | Depths:2 | Killed a caustic shrike
 52031 | Depths:2 | Killed a caustic shrike
 52066 | Depths:2 | Killed a caustic shrike
 52893 | Depths:3 | Noticed a golden dragon
 52913 | Depths:3 | Noticed a juggernaut
 52936 | Depths:3 | Killed a juggernaut
 53123 | Depths:3 | Paralysed by a floating eye for 4 turns
 53145 | Depths:3 | Paralysed by a floating eye for 3 turns
 53155 | Depths:3 | Reached XP level 23. HP: 148/183 MP: 40/41
 53163 | Depths:3 | Received a gift from Trog
 53462 | Depths:3 | Got a dazzling ring mail
 53491 | Depths:3 | Noticed a golden dragon
 53502 | Depths:3 | Killed a golden dragon
 53584 | Depths:3 | Reached skill level 16 in Invocations
 54073 | Depths:3 | Noticed a golden dragon
 54077 | Depths:3 | Noticed a golden dragon
 54102 | Depths:3 | Killed a golden dragon
 54102 | Depths:3 | Reached skill level 16 in Fighting
 54102 | Depths:3 | Reached skill level 16 in Axes
 54119 | Depths:3 | Killed a golden dragon
 54237 | Depths:3 | Received a gift from Trog
 54274 | Depths:3 | Killed a golden dragon
 54274 | Depths:3 | Reached skill level 15 in Short Blades
 54274 | Depths:3 | Reached skill level 15 in Long Blades
 54274 | Depths:3 | Reached skill level 15 in Maces & Flails
 54274 | Depths:3 | Reached skill level 15 in Polearms
 54274 | Depths:3 | Reached skill level 15 in Staves
 54274 | Depths:3 | Reached skill level 15 in Slings
 54274 | Depths:3 | Reached skill level 15 in Bows
 54274 | Depths:3 | Reached skill level 15 in Crossbows
 54274 | Depths:3 | Reached skill level 15 in Throwing
 54274 | Depths:3 | Reached skill level 15 in Stealth
 54274 | Depths:3 | Reached skill level 15 in Shields
 54274 | Depths:3 | Reached skill level 15 in Unarmed Combat
 54274 | Depths:3 | Reached skill level 15 in Spellcasting
 54274 | Depths:3 | Reached skill level 15 in Evocations
 54824 | Depths:4 | Noticed Saint Roka
 54847 | Depths:4 | Reached skill level 13 in Conjurations
 54847 | Depths:4 | Reached skill level 13 in Hexes
 54847 | Depths:4 | Reached skill level 13 in Charms
 54847 | Depths:4 | Reached skill level 13 in Summonings
 54847 | Depths:4 | Reached skill level 13 in Necromancy
 54847 | Depths:4 | Reached skill level 13 in Translocations
 54847 | Depths:4 | Reached skill level 13 in Transmutations
 54847 | Depths:4 | Reached skill level 13 in Fire Magic
 54847 | Depths:4 | Reached skill level 13 in Ice Magic
 54847 | Depths:4 | Reached skill level 13 in Air Magic
 54847 | Depths:4 | Reached skill level 13 in Earth Magic
 54847 | Depths:4 | Reached skill level 13 in Poison Magic
 54863 | Depths:4 | Killed Saint Roka
 55129 | Depths:4 | Received a gift from Trog
 55249 | Depths:4 | Found Sucza's Armour Shoppe.
 55254 | Depths:4 | Found Esebaehu's Antique Armour Emporium.
 55260 | Depths:4 | Found Woofo's Assorted Antiques.
 55268 | Depths:4 | Bought the +2 helmet of the Peculiar Gods {rElec Str+4 Stlth+} for 595 gold pieces
 55616 | Depths:4 | Received a gift from Trog
 55723 | Depths:4 | Reached XP level 24. HP: 182/191 MP: 40/42
 55844 | Depths:4 | Received a gift from Trog
 56556 | Depths:4 | Found the +6 Majin-Bo {vamp, Archmagi MP+6 Int+6}
 56577 | Depths:4 | Identified the Grimoire of Attacks
 56597 | Depths:5 | Entered Level 5 of the Depths
 56717 | Depths:5 | Received a gift from Trog
 56766 | Depths:5 | Noticed a caustic shrike
 56778 | Depths:5 | Killed a caustic shrike
 56781 | Depths:5 | Noticed a caustic shrike
 56782 | Depths:5 | Noticed a caustic shrike
 56795 | Depths:5 | Killed a caustic shrike
 56797 | Depths:5 | Noticed a caustic shrike
 56811 | Depths:5 | Killed a caustic shrike
 56817 | Depths:5 | Killed a caustic shrike
 56817 | Depths:5 | Reached skill level 16 in Armour
 56817 | Depths:5 | Reached skill level 16 in Dodging
 57057 | Depths:5 | Noticed Frederick
 57192 | Depths:5 | Killed Frederick
 57251 | Depths:5 | Noticed a caustic shrike
 57255 | Depths:5 | Noticed a caustic shrike
 57256 | Depths:5 | Noticed a caustic shrike
 57257 | Depths:5 | Noticed a caustic shrike
 57259 | Depths:5 | Noticed a caustic shrike
 57262 | Depths:5 | Killed a caustic shrike
 57271 | Depths:5 | Noticed a caustic shrike
 57271 | Depths:5 | Noticed a caustic shrike
 57272 | Depths:5 | Noticed the Enchantress
 57284 | Depths:5 | HP: 45/193 [spriggan air mage/the air[the Enchantress] (17)]
 57638 | Depths:5 | Received a gift from Trog
 57658 | Depths:5 | Killed the Enchantress
 57663 | Depths:5 | Killed a caustic shrike
 57670 | Depths:5 | Killed a caustic shrike
 57675 | Depths:5 | Killed a caustic shrike
 57678 | Depths:5 | Killed a caustic shrike
 57705 | Depths:5 | HP: 45/193 [caustic shrike (9)]
 57706 | Depths:5 | HP: 20/193 [spriggan air mage/the air[the Enchantress] (21)]
 57715 | Depths:5 | Killed a caustic shrike
 57728 | Depths:5 | Reached skill level 17 in Invocations
 57953 | Depths:5 | Got faerie dragon scales
 57971 | Depths:5 | Noticed a caustic shrike
 58023 | Depths:5 | Killed a caustic shrike
 58033 | Depths:5 | Killed a caustic shrike
 58033 | Depths:5 | Reached XP level 25. HP: 200/200 MP: 42/42
 58216 | Depths:5 | Got a pair of brightly glowing boots
 58227 | Depths:5 | Identified the +0 pair of boots of Cilohul {Dex+2} (You found it on level 5 of the Depths)
 58335 | Depths:5 | Found a gate to the Realm of Zot.
 58394 | Depths:5 | Reached skill level 16 in Short Blades
 58394 | Depths:5 | Reached skill level 16 in Long Blades
 58394 | Depths:5 | Reached skill level 16 in Maces & Flails
 58394 | Depths:5 | Reached skill level 16 in Polearms
 58394 | Depths:5 | Reached skill level 16 in Staves
 58394 | Depths:5 | Reached skill level 16 in Slings
 58394 | Depths:5 | Reached skill level 16 in Bows
 58394 | Depths:5 | Reached skill level 16 in Crossbows
 58394 | Depths:5 | Reached skill level 16 in Throwing
 58394 | Depths:5 | Reached skill level 16 in Stealth
 58394 | Depths:5 | Reached skill level 16 in Shields
 58394 | Depths:5 | Reached skill level 16 in Unarmed Combat
 58394 | Depths:5 | Reached skill level 16 in Spellcasting
 58394 | Depths:5 | Reached skill level 16 in Evocations
 58682 | Depths:5 | Reached skill level 17 in Fighting
 58682 | Depths:5 | Reached skill level 17 in Axes
 58966 | Elf:1    | Entered Level 1 of the Elven Halls
 59061 | Elf:1    | Noticed Azrael
 59066 | Elf:1    | Received a gift from Trog
 59105 | Elf:1    | Killed Azrael
 59952 | Elf:2    | Received a gift from Trog
 59998 | Elf:2    | Found a runed door.
 59999 | Elf:2    | Found a shimmering altar of Xom.
 59999 | Elf:2    | Noticed Kutucsuir's ghost (veteran MiBe)
 60026 | Elf:2    | Found Pijuusm's Assorted Antiques.
 60138 | Elf:2    | Received a gift from Trog
 60201 | Elf:2    | Found Ebipp's Assorted Antiques.
 60307 | Elf:2    | Received a gift from Trog
 60307 | Elf:2    | Reached skill level 14 in Conjurations
 60307 | Elf:2    | Reached skill level 14 in Hexes
 60307 | Elf:2    | Reached skill level 14 in Charms
 60307 | Elf:2    | Reached skill level 14 in Summonings
 60307 | Elf:2    | Reached skill level 14 in Necromancy
 60307 | Elf:2    | Reached skill level 14 in Translocations
 60307 | Elf:2    | Reached skill level 14 in Transmutations
 60307 | Elf:2    | Reached skill level 14 in Fire Magic
 60307 | Elf:2    | Reached skill level 14 in Ice Magic
 60307 | Elf:2    | Reached skill level 14 in Air Magic
 60307 | Elf:2    | Reached skill level 14 in Earth Magic
 60307 | Elf:2    | Reached skill level 14 in Poison Magic
 60321 | Elf:2    | Found a large runed door.
 60321 | Elf:2    | Found a large runed door.
 60343 | Elf:2    | Found a large runed door.
 60343 | Elf:2    | Found a large runed door.
 60899 | Depths:4 | Bought an ancient war axe for 340 gold pieces
 60899 | Depths:4 | Identified the +4 war axe of the Rat {holy, rN+} (You bought it in a shop on level 4 of the Depths)
 61204 | Lair:4   | Got a slimy long sword
 61205 | Lair:4   | Identified the +9 long sword of Intuition {freeze, *Corrode +Inv Dex+4} (You found it on level 4 of the Lair of Beasts)
 61434 | D:9      | Bought a potion of resistance for 110 gold pieces
 61434 | D:9      | Bought a potion of resistance for 110 gold pieces
 61664 | Slime:1  | Entered Level 1 of the Pits of Slime
 62031 | Slime:2  | Gained mutation: You are weak. (Str -2) [a shining eye]
 62044 | Slime:2  | Reached XP level 26. HP: 172/208 MP: 41/43
 62619 | Slime:5  | Entered Level 5 of the Pits of Slime
 62621 | Slime:5  | Gained mutation: Your magical capacity is low. (-10% MP) [a shining eye]
 62622 | Slime:5  | Gained mutation: Scrolls take you a little longer to read. [a shining eye]
 62624 | Slime:5  | Gained mutation: You expend magic power (3 MP) to strengthen your wands. [a shining eye]
 62637 | Slime:4  | Lost mutation: You occasionally shout uncontrollably at your foes. [potion of mutation]
 62637 | Slime:4  | Lost mutation: You are weak. (Str -2) [potion of mutation]
 62637 | Slime:4  | Lost mutation: Scrolls take you a little longer to read. [potion of mutation]
 62637 | Slime:4  | Gained mutation: You are agile. (Dex +2) [potion of mutation]
 62637 | Slime:4  | Gained mutation: You are surrounded by a mild repulsion field. (EV +2) [potion of mutation]
 62675 | Slime:5  | HP: 49/208 [acid blob (8)]
 63046 | Slime:5  | Gained mutation: You occasionally shout uncontrollably at your foes. [a shining eye]
 63081 | Slime:5  | Reached skill level 17 in Armour
 63081 | Slime:5  | Reached skill level 17 in Dodging
 63138 | Slime:5  | Reached skill level 17 in Staves
 63148 | Slime:5  | Received a gift from Trog
 63405 | Slime:5  | Noticed the Royal Jelly
 63414 | Slime:5  | Reached skill level 17 in Throwing
 63424 | Slime:5  | Killed the Royal Jelly
 63588 | Slime:5  | Found the +15 Maxwell's patent armour {-Cast -Tele rElec MR+ rCorr}
 63630 | Slime:5  | Identified a scroll of acquirement
 63631 | Slime:5  | Got a bound iron amulet
 63632 | Slime:5  | Identified the amulet "Ywuumyrr" {Reflect +Blink MR+++ Dex-4 SH+5} (You acquired it on level 5 of the Pits of Slime)
 63639 | Slime:5  | Got a fine bone ring
 63650 | Slime:5  | Identified the ring "Itejurph" {rN++ Str+4 Int+4 Slay-4 SInv} (You found it on level 5 of the Pits of Slime)
 63676 | Slime:5  | Identified the Incunabulum of Sinister Changing
 63780 | Slime:5  | Got a slimy rune of Zot
 64312 | Crypt:1  | Entered Level 1 of the Crypt
 64614 | Crypt:1  | Reached skill level 18 in Invocations
 64837 | Crypt:1  | Found an ancient bone altar of Kikubaaqudgha.
 65215 | Crypt:2  | Got a crude ring mail
 65576 | Crypt:2  | Got a shimmering chain mail
 65816 | Crypt:2  | HP: 76/315 [??? (49)]
 66194 | Crypt:3  | Entered Level 3 of the Crypt
 66221 | Crypt:3  | Received a gift from Trog
 66258 | Crypt:3  | Found a magical portal.
 66331 | WizLab   | Entered Cigotuvi's Fleshworks
 66506 | WizLab   | Received a gift from Trog
 66508 | WizLab   | Paralysed by a floating eye for 4 turns
 66520 | WizLab   | Paralysed by a floating eye for 2 turns
 66554 | WizLab   | Paralysed by a floating eye for 3 turns
 66564 | WizLab   | Paralysed by a floating eye for 4 turns
 66574 | WizLab   | Paralysed by a floating eye for 3 turns
 66580 | WizLab   | Got a jewelled mace {god gift}
 66598 | WizLab   | Got a clouded graven amulet
 66611 | WizLab   | Identified the amulet of Uzith {Reflect Dex+4 SH+3} (You found it in a wizard's laboratory)
 66949 | WizLab   | Identified Ekot's Handbook of Changing
 66953 | WizLab   | Identified Cigotuvi's Disquisition on Transmigration and Sinister Rituals
 67054 | WizLab   | Lost mutation: You expend magic power (3 MP) to strengthen your wands. [potion of mutation]
 67054 | WizLab   | Lost mutation: Your spells are a little easier to cast, but a little less powerful. [potion of mutation]
 67054 | WizLab   | Lost mutation: Your magical capacity is low. (-10% MP) [potion of mutation]
 67054 | WizLab   | Gained mutation: You passively map a small area around you. [potion of mutation]
 67054 | WizLab   | Gained mutation: You are somewhat resistant to further mutation. [potion of mutation]
 67167 | WizLab   | Reached skill level 17 in Short Blades
 67167 | WizLab   | Reached skill level 17 in Long Blades
 67167 | WizLab   | Reached skill level 17 in Maces & Flails
 67167 | WizLab   | Reached skill level 17 in Polearms
 67167 | WizLab   | Reached skill level 17 in Slings
 67167 | WizLab   | Reached skill level 17 in Bows
 67167 | WizLab   | Reached skill level 17 in Crossbows
 67167 | WizLab   | Reached skill level 17 in Stealth
 67167 | WizLab   | Reached skill level 17 in Shields
 67167 | WizLab   | Reached skill level 17 in Unarmed Combat
 67167 | WizLab   | Reached skill level 17 in Spellcasting
 67167 | WizLab   | Reached skill level 17 in Evocations
 67167 | WizLab   | Reached XP level 27. HP: 204/217 MP: 43/44
 67224 | Crypt:3  | Gained mutation: You are dopey. (Int -2) [mutagenic glow]
 67245 | Crypt:3  | Received a gift from Trog
 67259 | Crypt:3  | Found a staircase to the Tomb.
 67580 | Crypt:3  | Reached skill level 18 in Staves
 67638 | Crypt:3  | Reached skill level 18 in Throwing
 67650 | Crypt:3  | HP: 45/211 [??? (28)]
 67656 | Crypt:3  | HP: 35/217 [poisoned by an ushabti (dark miasma)]
 67656 | Crypt:3  | Reached skill level 18 in Fighting
 67656 | Crypt:3  | Reached skill level 18 in Axes
 67658 | Crypt:3  | HP: 11/217 [mummy priest/divine providence (15)]
 67663 | Crypt:3  | HP: 11/217 [??? (5)]
 67697 | Crypt:3  | HP: 37/217 [??? (23)]
 68153 | Crypt:3  | Found a runed gate.
 68154 | Crypt:3  | Found a runed gate.
 68155 | Crypt:3  | Found a runed gate.
 68165 | Crypt:3  | Noticed Titucsi's ghost (adept GrFi)
 69236 | Crypt:3  | Found a basalt altar of Yredelemnul.
 69238 | Crypt:3  | Found an ancient bone altar of Kikubaaqudgha.
 69421 | Crypt:3  | Got a vibrating ivory ring
 69423 | Crypt:3  | Got a wavering bronze ring
 69423 | Crypt:3  | Got a vibrating platinum ring
 69425 | Crypt:3  | Identified the Incunabulum of the Ensnaring Birds
 69434 | Crypt:3  | Identified the ring "Fuurunih" {rPois rF+ MR++ EV+5 Stlth-} (You found it on level 3 of the Crypt)
 69435 | Crypt:3  | Identified the ring of the Jester {+Fly rC+ rN+ Str+4 SInv} (You found it on level 3 of the Crypt)
 69436 | Crypt:3  | Identified the ring of Leefublu {rN+ Dex+2} (You found it on level 3 of the Crypt)
 69447 | Crypt:3  | Got a heavily runed steel ring
 69448 | Crypt:3  | Identified the ring "Jebliawn" {rPois rN+ Int+4 Dex+5} (You found it on level 3 of the Crypt)
 69462 | Crypt:3  | Found the +9 sword of Zonguldrok {reap}
 70224 | Elf:3    | Entered Level 3 of the Elven Halls
 70261 | Elf:3    | Found Jimmecw's Antique Armour Emporium.
 70272 | Elf:3    | Bought a twisted large shield for 370 gold pieces
 70282 | Elf:3    | Identified the +0 large shield of the Heron {*Corrode rF+ Regen+ Dex+3} (You bought it in a shop on level 3 of the Elven Halls)
 70510 | D:9      | Bought a potion of cancellation for 104 gold pieces
 70747 | Vaults:2 | Bought a potion of resistance for 110 gold pieces
 70747 | Vaults:2 | Bought a potion of cancellation for 88 gold pieces
 70747 | Vaults:2 | Bought a potion of heal wounds for 55 gold pieces
 70747 | Vaults:2 | Bought a potion of heal wounds for 55 gold pieces
 70747 | Vaults:2 | Bought a potion of agility for 44 gold pieces
 70747 | Vaults:2 | Bought a potion of cancellation for 88 gold pieces
 70779 | Vaults:2 | Bought a ration for 55 gold pieces
 70779 | Vaults:2 | Bought a ration for 55 gold pieces
 70779 | Vaults:2 | Bought a ration for 55 gold pieces
 70779 | Vaults:2 | Bought a ration for 55 gold pieces
 70779 | Vaults:2 | Bought a ration for 55 gold pieces
 70779 | Vaults:2 | Bought a ration for 55 gold pieces
 70779 | Vaults:2 | Bought a ration for 55 gold pieces
 71448 | Elf:3    | Received a gift from Trog
 71860 | Elf:3    | Received a gift from Trog
 71914 | Elf:3    | HP: 53/218 [ghostly deep elf death mage/vampiric draining (6)]
 72316 | Elf:3    | Reached skill level 15 in Conjurations
 72316 | Elf:3    | Reached skill level 15 in Hexes
 72316 | Elf:3    | Reached skill level 15 in Charms
 72316 | Elf:3    | Reached skill level 15 in Summonings
 72316 | Elf:3    | Reached skill level 15 in Necromancy
 72316 | Elf:3    | Reached skill level 15 in Translocations
 72316 | Elf:3    | Reached skill level 15 in Transmutations
 72316 | Elf:3    | Reached skill level 15 in Fire Magic
 72316 | Elf:3    | Reached skill level 15 in Ice Magic
 72316 | Elf:3    | Reached skill level 15 in Air Magic
 72316 | Elf:3    | Reached skill level 15 in Earth Magic
 72316 | Elf:3    | Reached skill level 15 in Poison Magic
 72550 | Elf:3    | Found the amulet of the Air {Inacc +Fly rElec EV+5 RMsl}
 72562 | Elf:3    | Identified the Collected Works on Unstable Protection
 73227 | Vaults:5 | Entered Level 5 of the Vaults
 73239 | Vaults:5 | Received a gift from Trog
 73304 | Vaults:5 | Reached skill level 18 in Armour
 73304 | Vaults:5 | Reached skill level 18 in Dodging
 73322 | Vaults:5 | Found Ublikirr's Food Shop.
 73398 | Vaults:5 | Reached skill level 19 in Staves
 73464 | Vaults:5 | Found Qeutij's Magic Scroll Emporium.
 73546 | Vaults:5 | Reached skill level 19 in Throwing
 73559 | Vaults:5 | Reached skill level 19 in Invocations
 73615 | Vaults:5 | Reached skill level 18 in Crossbows
 73621 | Vaults:5 | Got a silver rune of Zot
 73623 | Vaults:5 | Got a crude long sword
 73624 | Vaults:5 | Identified the cursed +2 long sword of Wu Jian's Reproof {slice, *Slow rPois rF+ Dex+3} (You found it on level 5 of the Vaults)
 73746 | Vaults:5 | Received a gift from Trog
 73786 | Vaults:5 | HP: 47/219 [titan/the air (27)]
 73788 | Vaults:5 | HP: 21/219 [titan/the air (28)]
 73966 | Vaults:5 | Got a steaming turquoise ring
 74099 | Vaults:5 | Identified the cursed ring of Zageoc {rC+ MR- Dex-2 Slay+2} (You took it off a vault guard on level 5 of the Vaults)
 74251 | Vaults:5 | Received a gift from Trog
 74349 | Vaults:5 | Identified Sif Muna's Almanac of Vitriolic Stones
 74372 | Vaults:5 | Identified the Collected Works on Companions and Changing
 74430 | Vaults:5 | Received a gift from Trog
 74446 | Vaults:5 | Identified the Handbook of Gliding Enhancements
 74644 | Vaults:5 | Reached skill level 18 in Short Blades
 74644 | Vaults:5 | Reached skill level 18 in Long Blades
 74644 | Vaults:5 | Reached skill level 18 in Maces & Flails
 74644 | Vaults:5 | Reached skill level 18 in Polearms
 74644 | Vaults:5 | Reached skill level 18 in Slings
 74644 | Vaults:5 | Reached skill level 18 in Bows
 74644 | Vaults:5 | Reached skill level 18 in Stealth
 74644 | Vaults:5 | Reached skill level 18 in Shields
 74644 | Vaults:5 | Reached skill level 18 in Unarmed Combat
 74644 | Vaults:5 | Reached skill level 18 in Spellcasting
 74644 | Vaults:5 | Reached skill level 18 in Evocations
 74729 | Vaults:5 | Got a colourful robe
 74738 | Vaults:5 | Noticed Mara
 74750 | Vaults:5 | Killed Mara
 74750 | Vaults:5 | Received a gift from Trog
 74913 | Vaults:5 | Found Cele's Food Shoppe.
 75299 | D:9      | Bought a scroll of acquirement for 676 gold pieces
 75300 | D:9      | Found the +2 pair of boots of the Assassin {Detection Stab+ Stlth++}
 75334 | D:10     | Lost mutation: You occasionally shout uncontrollably at your foes. [potion of mutation]
 75334 | D:10     | Lost mutation: You are dopey. (Int -2) [potion of mutation]
 75334 | D:10     | Lost mutation: You are surrounded by a mild repulsion field. (EV +2) [potion of mutation]
 75334 | D:10     | Gained mutation: You have a pair of small antennae on your head. [potion of mutation]
 75334 | D:10     | Gained mutation: Potions are less effective at restoring your health. [potion of mutation]
 75335 | D:10     | Lost mutation: You are agile. (Dex +2) [potion of mutation]
 75335 | D:10     | Lost mutation: You are somewhat resistant to further mutation. [potion of mutation]
 75335 | D:10     | Lost mutation: You passively map a small area around you. [potion of mutation]
 75335 | D:10     | Lost mutation: You have a pair of small antennae on your head. [potion of mutation]
 75335 | D:10     | Gained mutation: You are partially covered in thin metallic scales. (AC +2) [potion of mutation]
 75335 | D:10     | Gained mutation: You are partially covered in yellow scales. (AC +2) [potion of mutation]
 77900 | Zot:1    | Entered Level 1 of the Realm of Zot
 77942 | Zot:1    | Found a sparkling altar of Nemelex Xobeh.
 78263 | Zot:1    | Received a gift from Trog
 78395 | Zot:1    | Reached skill level 19 in Fighting
 78395 | Zot:1    | Reached skill level 19 in Axes
 78395 | Zot:1    | Reached skill level 20 in Staves
 78581 | Zot:2    | Reached skill level 20 in Throwing
 78592 | Zot:2    | Received a gift from Trog
 78636 | Zot:2    | Reached skill level 19 in Crossbows
 78978 | Zot:2    | Noticed an orb of fire
 78979 | Zot:2    | Noticed an orb of fire
 78985 | Zot:2    | Gained mutation: Your body sometimes deteriorates upon taking damage. [an orb of fire]
 78987 | Zot:2    | Gained mutation: Your body often deteriorates upon taking damage. [an orb of fire]
 78990 | Zot:2    | Killed an orb of fire
 79002 | Zot:2    | Gained mutation: Scrolls take you a little longer to read. [an orb of fire]
 79003 | Zot:2    | Gained mutation: Armour fits poorly on your strangely shaped body. [an orb of fire]
 79004 | Zot:2    | Killed an orb of fire
 79005 | Zot:2    | Lost mutation: Potions are less effective at restoring your health. [potion of mutation]
 79005 | Zot:2    | Lost mutation: Your body often deteriorates upon taking damage. [potion of mutation]
 79005 | Zot:2    | Lost mutation: Armour fits poorly on your strangely shaped body. [potion of mutation]
 79005 | Zot:2    | Lost mutation: Your body sometimes deteriorates upon taking damage. [potion of mutation]
 79005 | Zot:2    | Gained mutation: You are mostly covered in thin metallic scales. (AC +3) [potion of mutation]
 79005 | Zot:2    | Gained mutation: You tend to lose your temper in combat. [potion of mutation]
 79005 | Zot:2    | Gained mutation: You have a pair of small horns on your head. [potion of mutation]
 79006 | Zot:2    | Lost mutation: You have a pair of small horns on your head. [potion of mutation]
 79006 | Zot:2    | Lost mutation: Scrolls take you a little longer to read. [potion of mutation]
 79006 | Zot:2    | Gained mutation: Your skin changes colour to match your surroundings (Stealth+). [potion of mutation]
 79006 | Zot:2    | Gained mutation: Your mind is acute. (Int +2) [potion of mutation]
 79006 | Zot:2    | Lost mutation: You tend to lose your temper in combat. [potion of mutation]
 79324 | Zot:3    | Received a gift from Trog
 79731 | Zot:3    | Reached skill level 16 in Conjurations
 79731 | Zot:3    | Reached skill level 16 in Hexes
 79731 | Zot:3    | Reached skill level 16 in Charms
 79731 | Zot:3    | Reached skill level 16 in Summonings
 79731 | Zot:3    | Reached skill level 16 in Necromancy
 79731 | Zot:3    | Reached skill level 16 in Translocations
 79731 | Zot:3    | Reached skill level 16 in Transmutations
 79731 | Zot:3    | Reached skill level 16 in Fire Magic
 79731 | Zot:3    | Reached skill level 16 in Ice Magic
 79731 | Zot:3    | Reached skill level 16 in Air Magic
 79731 | Zot:3    | Reached skill level 16 in Earth Magic
 79731 | Zot:3    | Reached skill level 16 in Poison Magic
 80584 | Elf:2    | Bought 2 potions of heal wounds for 240 gold pieces
 80584 | Elf:2    | Bought a potion of haste for 240 gold pieces
 80784 | D:9      | Bought a potion of might for 44 gold pieces
 80784 | D:9      | Bought a potion of agility for 44 gold pieces
 80784 | D:9      | Bought a potion of ambrosia for 88 gold pieces
 80784 | D:9      | Bought a potion of might for 44 gold pieces
 81276 | Zot:4    | Reached skill level 19 in Armour
 81276 | Zot:4    | Reached skill level 19 in Dodging
 81303 | Zot:4    | Received a gift from Trog
 81308 | Zot:4    | Reached skill level 20 in Invocations
 81706 | Zot:4    | HP: 42/222 [shadow dragon/bolt of negative energy (14)]
 81711 | Zot:4    | HP: 34/222 [shadow dragon (11)]
 81985 | Zot:4    | Received a gift from Trog
 82001 | Zot:4    | Got a heavily runed leather armour
 82093 | Zot:4    | Reached skill level 21 in Staves
 82094 | Zot:4    | Reached skill level 20 in Crossbows
 82244 | Zot:4    | Reached skill level 21 in Throwing
 82677 | Zot:5    | Entered Level 5 of the Realm of Zot
 82714 | Zot:5    | Identified the Disquisition on Dark Weightlessness
 82873 | Zot:5    | Noticed an ancient lich
 82887 | Zot:5    | Killed an ancient lich
 83080 | Zot:5    | Received a gift from Trog
 83087 | Zot:5    | Noticed an ancient lich
 83095 | Zot:5    | Killed an ancient lich
 83095 | Zot:5    | Reached skill level 19 in Short Blades
 83095 | Zot:5    | Reached skill level 19 in Long Blades
 83095 | Zot:5    | Reached skill level 19 in Maces & Flails
 83095 | Zot:5    | Reached skill level 19 in Polearms
 83095 | Zot:5    | Reached skill level 19 in Slings
 83095 | Zot:5    | Reached skill level 19 in Bows
 83095 | Zot:5    | Reached skill level 19 in Stealth
 83095 | Zot:5    | Reached skill level 19 in Shields
 83095 | Zot:5    | Reached skill level 19 in Unarmed Combat
 83095 | Zot:5    | Reached skill level 19 in Spellcasting
 83095 | Zot:5    | Reached skill level 19 in Evocations
 83108 | Zot:5    | Noticed an ancient lich
 83199 | Zot:5    | Noticed an ancient lich
 83210 | Zot:5    | Killed an ancient lich
 83350 | Zot:5    | Noticed an orb of fire
 83350 | Zot:5    | Noticed an orb of fire
 83354 | Zot:5    | Lost mutation: Your mind is acute. (Int +2) [an orb of fire]
 83355 | Zot:5    | Gained mutation: You are occasionally teleported next to monsters. [an orb of fire]
 83361 | Zot:5    | Gained mutation: Scrolls take you a little longer to read. [an orb of fire]
 83362 | Zot:5    | Killed an orb of fire
 83378 | Zot:5    | Killed an orb of fire
 83379 | Zot:5    | Lost mutation: Scrolls take you a little longer to read. [potion of mutation]
 83379 | Zot:5    | Lost mutation: You are mostly covered in thin metallic scales. (AC +3) [potion of mutation]
 83379 | Zot:5    | Gained mutation: Scrolls take you a little longer to read. [potion of mutation]
 83379 | Zot:5    | Lost mutation: Scrolls take you a little longer to read. [potion of mutation]
 83379 | Zot:5    | Gained mutation: Your muscles are strong. (Str +2) [potion of mutation]
 83380 | Zot:5    | Lost mutation: You are occasionally teleported next to monsters. [potion of mutation]
 83380 | Zot:5    | Lost mutation: Your muscles are strong. (Str +2) [potion of mutation]
 83380 | Zot:5    | Gained mutation: You are weak. (Str -2) [potion of mutation]
 83380 | Zot:5    | Gained mutation: You are covered in fur. (AC +1) [potion of mutation]
 83453 | Zot:5    | Received a gift from Trog
 83556 | Zot:5    | Noticed an orb of fire
 83576 | Zot:5    | Killed an orb of fire
 83576 | Zot:5    | Reached skill level 20 in Fighting
 83576 | Zot:5    | Reached skill level 20 in Axes
 83588 | Zot:5    | Noticed an ancient lich
 83602 | Zot:5    | Killed an ancient lich
 83621 | Zot:5    | Reached ****** piety under Trog
 83621 | Zot:5    | Reached skill level 21 in Crossbows
 83622 | Zot:5    | Noticed an orb of fire
 83632 | Zot:5    | Killed an ancient lich
 83638 | Zot:5    | Noticed an orb of fire
 83639 | Zot:5    | Killed an orb of fire
 83639 | Zot:5    | Reached skill level 22 in Staves
 83646 | Zot:5    | HP: 54/224 [Orb Guardian (38)]
 83648 | Zot:5    | HP: 12/224 [Orb Guardian (45)]
 83659 | Zot:5    | HP: 55/224 [orb of fire/fireball (7)]
 83663 | Zot:5    | Gained mutation: You are frail. (-10% HP) [an orb of fire]
 83666 | Zot:5    | Gained mutation: You are very weak. (Str -4) [an orb of fire]
 83667 | Zot:5    | Gained mutation: You are dopey. (Int -2) [an orb of fire]
 83668 | Zot:5    | Killed an orb of fire
 83668 | Zot:5    | Received a gift from Trog
 83681 | Zot:5    | Reached skill level 22 in Throwing
 84214 | Zot:5    | Lost mutation: You are frail. (-10% HP) [potion of mutation]
 84214 | Zot:5    | Lost mutation: You are dopey. (Int -2) [potion of mutation]
 84214 | Zot:5    | Lost mutation: You are very weak. (Str -4) [potion of mutation]
 84214 | Zot:5    | Lost mutation: You are weak. (Str -2) [potion of mutation]
 84214 | Zot:5    | Gained mutation: You passively map a small area around you. [potion of mutation]
 84453 | Zot:5    | Got the Orb of Zot
 84838 | D:14     | Noticed Ezxaf the pandemonium lord
 84841 | D:14     | Gained mutation: You are occasionally teleported next to monsters. [a cacodemon]
 84854 | D:13     | Noticed Leapsa the pandemonium lord
 85105 | D:$      | Escaped with the Orb!

Vault maps used:
D:1:      minmay_arrival_three_doors
D:2:      minmay_roachtagon, first_ration, minmay_misc_feat_square,
          uniq_terence, uniq_sigmund
D:3:      old_standard_altar, nicolae_overflow_crystal_walls,
          chequers_ecumenical_altar_simple_redux
D:4:      uniq_blork_the_orc
D:5:      minmay_temple_entry_statues
D:6:      ebering_ghost_sewer_f, elyvilon_altar_3
D:7:      serial_shops, nicolae_shop_window_shopping, tgw_fedhas
D:8:      serial_co_window_serial, co_window_cross_1, co_window_corner_a,
          co_window_paths_a, co_window_of_opportunity_a,
          co_window_of_opportunity_a, co_window_corner_b, co_window_corner_cb,
          co_window_2corner, co_window_paths_d, glass_columns_a,
          corexii_checkpoint_a, grunt_ogre_cave, okawaru_metal_pillars_1_2
D:9:      slow_altar_2, lemuel_crystal_altar, amethyst_overflow_temple_binary,
          basic_altar, serial_shops, shop, shop, nicolae_shop_trees,
          nicolae_shop_window_shopping, hangedman_abyss_or_decor_slice
D:10:     grunt_decor_one_mirror, uniq_psyche
D:11:     dpeg_oklobed_lair, serial_shops, shop_fountains, uniq_sonja
D:12:     orc_0_dummy, basic_altar, ebering_ghost_rock_garden
D:13:     david_vaults_2, serial_shops, nicolae_shop_stone, feat_on_display
D:14:     minmay_wavy_crystal, serial_glass, glass_columns_a, glass_columns_b,
          minmay_misc_feat_tiny
D:15:     grunt_enter_depths_hoard, minmay_misc_feat_nine_boxes, basic_altar
Lair:1:   lemuel_fruit_fields, lemuel_fruit_tree
Lair:2:   minmay_swamp_entry_worms, minmay_snake_entry_six_corridors,
          portal_ice_cave_entry_pillars_1
Lair:3:   ldierk_geyser, beast_lair_carwin_8, serial_bayou_shore_b
Lair:4:   basic_altar, minmay_lair_oklob_items, nicolae_quartered_pool_super
Lair:5:   kennysheep_abandoned_house, serial_bayou_shore_b, grunt_megastairs_3
Lair:6:   hangedman_lair_in_review, guppyfry_lair_end_dragon, slime_altar_1,
          uniq_josephine
Swamp:1:  nicolae_swamp_very_dense_foliage, swamp_pool5
Swamp:2:  hangedman_swamp_blocks
Swamp:3:  nicolae_swamp_little_tower
Swamp:4:  swamp_vile, swamp_pool4, nicolae_swamp_alligator_family
Snake:1:  nrook_guardian_serpent_snake_passage
Snake:2:  abandoned_shop, grunt_megastairs_4
Snake:3:  basic_altar, nicolae_large_snake_swirl
Snake:4:  grunt_snake_rune_pools, serial_bayou_ford_a, grunt_ministairs_14
Slime:3:  cheibrodos_slime_lost_civilization_1
Orc:1:    serial_shops, shop, gammafunk_ghost_stat_death
Orc:2:    pubby_orc_utopia
Elf:1:    orc_legates, uniq_azrael
Elf:2:    serial_shops, shop, shop, ebering_ghost_xom, uniq_nikola
Elf:3:    elf_hall_gauntlet_narrow, serial_shops, nicolae_shop_crystal,
          spider_trap, hangedman_elf_disciples
Vaults:1: st_squares, ontoclasm_vaults_tryst, vaults_dpeg_diagonal,
          nicolae_vaults_angled_halls, ontoclasm_vaults_gateway,
          nicolae_vaults_network_square, vaults_room_mumra_shop_pool,
          vaults_mumra_chevron, nicolae_vaults_mini_display_case
Vaults:2: nicolae_vaults_little_ls, hangedman_vaults_stream, vaults_mumra_lcd,
          nicolae_vaults_border_crossing, v_misc_14,
          minmay_crypt_entry_necro_gods, v_misc_33, vaults_room_door_hall,
          vaults_dpeg_doors, ontoclasm_vaults_eye, v_misc_4, serial_shops, shop,
          nicolae_shop_overgrown_old_shop, shop_statue, shop, shop
Vaults:3: nicolae_vaults_circle_grid_a, v_misc_24,
          nicolae_vaults_big_angled_halls, nicolae_vaults_stairing_the_circle,
          v_misc_16, ontoclasm_vaults_ring_small, nicolae_vaults_network_star,
          vaults_room_ringed_pool, vaults_room_grid,
          nicolae_vaults_puzzle_piece, nicolae_vaults_an_arrangement,
          v_alt_pattern_3, nicolae_vaults_shelves_hall, v_misc_17, serial_shops,
          shop, uniq_jory
Vaults:4: v_misc_23, nicolae_vaults_display_case,
          vaults_room_grunt_arrival_checkpoint, nicolae_vaults_little_squares_4,
          v_misc_26, v_misc_27, v_alt_pattern_1, vaults_room_fours,
          vaults_room_octagon, v_misc_25, nicolae_vaults_theta,
          nicolae_vaults_ring_of_whatevers, v_misc_17, nicolae_vaults_alarming,
          v_misc_2, vaults_room_octagon, uniq_xtahua
Vaults:5: serial_shops, uniq_mara
Crypt:1:  lemuel_hellish_altar
Crypt:3:  lightli_unholy_cathedral, tomb_entry_moat_badplayer,
          infiniplex_enter_wizlab_water, ebering_ghost_rock_garden
Depths:1: minmay_eyes, enter_ziggurat_f, pan_entry, serial_shops, shop, shop,
          abyss_entry, hangedman_coc_ice_floe, hangedman_decor_riveting,
          nicolae_blasting_shop
Depths:2: grunt_deathspiral_small, grunt_mini_vestibule, serial_bayou,
          serial_bayou_shore_a, serial_bayou_lagoon_a, serial_bayou_pond_a,
          serial_bayou_pond_d, ebering_ghost_xom, serial_shops, kennysheep_mini
Depths:3: minmay_four_inscribed_fans, hell_entry, serial_bayou,
          serial_bayou_shore_b, serial_bayou_pond_b, serial_bayou_pond_e,
          serial_bayou_pond_d, serial_bayou_pond_b, pan_entry,
          minmay_misc_feat_alley
Depths:4: minmay_guarded_unrand_majin_bo, abyss_entry, serial_glass,
          glass_columns_c, glass_columns_b, grunt_hell_entry_dis_mu,
          ice2_lemuel, infiniplex_staircase_zigzag_3, minmay_shop_star,
          uniq_saint_roka
Depths:5: grunt_runaround, abyss_entry, hell_entry, uniq_enchantress,
          uniq_frederick
Zot:1:    basic_altar, bh_zot_ikea_curve, grunt_megastairs_2
Zot:3:    st_stairs_13, basic_stair_grate_trap
Zot:4:    kennysheep_room_grid, grunt_ministairs_1
Abyss:3:  gammafunk_abyss_rune_reverse_zot, evilmike_abyss_exit_2,
          bh_abyss_negative
IceCv:    ice_cave_tombish
WizLab:   wizlab_cigotuvi

Skill      XL: |  1  2  3  4  5  6  7  8  9 10 11 12 13 14 15 16 17 18 19 20 21 22 23 24 25 26 27 |
---------------+----------------------------------------------------------------------------------+-----
Invocations    | 1 2 3 4 5 6 7 8 9 10 11 12 13 14 15 16 17 18 20 | 20.9
Short Blades   | 1 2 3 4 5 6 7 8 9 10 11 12 13 14 15 16 17 19 | 19.5
Long Blades    | 1 2 3 4 5 6 7 8 9 10 11 12 13 14 15 16 17 19 | 19.5
Maces & Flails | 1 2 3 4 5 6 7 8 9 10 11 12 13 14 15 16 17 19 | 19.5
Polearms       | 1 2 3 4 5 6 7 8 9 10 11 12 13 14 15 16 17 19 | 19.5
Staves         | 1 2 3 4 5 6 7 8 9 10 11 12 13 14 15 16 17 22 | 22.2
Slings         | 1 2 3 4 5 6 7 8 9 10 11 12 13 14 15 16 17 19 | 19.5
Bows           | 1 2 3 4 5 6 7 8 9 10 11 12 13 14 15 16 17 19 | 19.5
Crossbows      | 1 2 3 4 5 6 7 8 9 10 11 12 13 14 15 16 17 21 | 21.3
Throwing       | 1 2 3 4 5 6 7 8 9 10 11 12 13 14 15 16 17 22 | 22.1
Stealth        | 1 2 3 4 5 6 7 8 9 10 11 12 13 14 15 16 17 19 | 19.5
Shields        | 1 2 3 4 5 6 7 8 9 10 11 12 13 14 15 16 17 19 | 19.5
Unarmed Combat | 1 2 3 4 5 6 7 8 9 10 11 12 13 14 15 16 17 19 | 19.5
Spellcasting   | 1 2 3 4 5 6 7 8 9 10 11 12 13 14 15 16 17 19 | 19.5
Evocations     | 1 2 3 4 5 6 7 8 9 10 11 12 13 14 15 16 17 19 | 19.5
Conjurations   | 1 2 3 4 5 6 7 8 9 10 11 12 13 14 16 | 16.9
Hexes          | 1 2 3 4 5 6 7 8 9 10 11 12 13 14 16 | 16.9
Charms         | 1 2 3 4 5 6 7 8 9 10 11 12 13 14 16 | 16.9
Summonings     | 1 2 3 4 5 6 7 8 9 10 11 12 13 14 16 | 16.9
Necromancy     | 1 2 3 4 5 6 7 8 9 10 11 12 13 14 16 | 16.9
Translocations | 1 2 3 4 5 6 7 8 9 10 11 12 13 14 16 | 16.9
Transmutations | 1 2 3 4 5 6 7 8 9 10 11 12 13 14 16 | 16.9
Fire Magic     | 1 2 3 4 5 6 7 8 9 10 11 12 13 14 16 | 16.9
Ice Magic      | 1 2 3 4 5 6 7 8 9 10 11 12 13 14 16 | 16.9
Air Magic      | 1 2 3 4 5 6 7 8 9 10 11 12 13 14 16 | 16.9
Earth Magic    | 1 2 3 4 5 6 7 8 9 10 11 12 13 14 16 | 16.9
Poison Magic   | 1 2 3 4 5 6 7 8 9 10 11 12 13 14 16 | 16.9
Armour         | 5 6 7 8 9 10 11 12 13 14 15 16 17 19 | 19.9
Dodging        | 5 6 7 8 9 10 11 12 13 14 15 16 17 19 | 19.9
Fighting       | 7 8 9 10 11 12 13 14 15 16 17 20 | 20.2
Axes           | 7 8 9 10 11 12 13 14 15 16 17 20 | 20.2

Action                   |  1- 3 |  4- 6 |  7- 9 | 10-12 | 13-15 | 16-18 | 19-21 | 22-24 | 25-27 || total
-------------------------+-------+-------+-------+-------+-------+-------+-------+-------+-------++-------
Melee: Hand axe          |   112 |   145 |    22 |    10 |       |       |       |       |       ||   289
       Bite              |    18 |    20 |    52 |   135 |   211 |   344 |   454 |   331 |   841 ||  2406
       Punch             |     1 |     4 |     4 |       |       |       |       |       |       ||     9
       War axe           |       |       |   305 |   717 |       |       |       |       |       ||  1022
       Scimitar          |       |       |       |    66 |  1260 |  1711 |  1474 |  1296 |  1707 ||  7514
       Quarterstaff      |       |       |       |       |       |       |   289 |       |       ||   289
       Lajatang          |       |       |       |       |       |       |    46 |       |       ||    46
       Double sword      |       |       |       |       |       |       |       |       |  1770 ||  1770
Throw: Javelin           |       |       |       |       |    13 |       |       |    17 |    54 ||    84
       Throwing net      |       |       |       |       |       |       |       |     1 |       ||     1
Invok: Berserk           |       |     3 |     6 |    25 |    15 |    13 |     8 |     6 |     2 ||    78
       Trog's Hand       |       |     1 |     4 |     6 |    13 |    14 |    39 |    21 |    53 ||   151
       Brothers in Arms  |       |       |       |       |     5 |     7 |     5 |     6 |     3 ||    26
 Abil: Evoke Invisibilit |       |       |       |       |     6 |     3 |     1 |       |       ||    10
       Stop Flying       |       |       |       |       |     1 |       |       |       |       ||     1
       Evoke Flight      |       |       |       |       |     1 |       |       |       |       ||     1
Evoke: Wand              |       |       |       |    14 |    20 |    10 |     3 |     5 |     5 ||    57
       Phial of floods   |       |       |       |       |     3 |     2 |     1 |       |     3 ||     9
       Lamp of fire      |       |       |       |       |       |     3 |       |       |       ||     3
       Fan of gales      |       |       |       |       |       |     1 |       |       |       ||     1
       Sack of spiders   |       |       |       |       |       |       |       |     1 |     2 ||     3
       Phantom mirror    |       |       |       |       |       |       |       |       |     1 ||     1
  Use: Scroll            |     4 |     3 |     7 |    14 |    15 |    14 |    12 |    12 |    64 ||   145
       Potion            |       |       |       |       |     4 |     9 |     7 |    21 |    49 ||    90
 Stab: Sleeping          |       |     3 |       |     2 |    24 |       |       |     5 |    28 ||    62
       Paralysed         |       |       |       |     2 |     7 |       |       |       |       ||     9
       Invisible         |       |       |       |       |    26 |     9 |       |       |       ||    35
       Distracted        |       |       |       |       |     2 |     2 |     5 |     3 |    33 ||    45
       Confused          |       |       |       |       |       |       |       |       |     1 ||     1
  Eat: Chunk             |       |     8 |    17 |    27 |    49 |    23 |    28 |    22 |    14 ||   188
       Ration            |       |       |     1 |     7 |     4 |    13 |    10 |     6 |    32 ||    73
Armor: Animal skin       |    12 |       |       |       |       |       |       |       |       ||    12
       Ring mail         |    26 |    44 |     9 |    16 |   356 |       |       |       |       ||   451
       Chain mail        |       |       |   121 |   246 |       |       |       |       |       ||   367
       Plate armour      |       |       |       |       |     6 |   790 |   566 |    22 |   393 ||  1777
       Storm dragon scal |       |       |       |       |       |       |       |   301 |   201 ||   502
       Gold dragon scale |       |       |       |       |       |       |       |       |   331 ||   331
Dodge: Dodged            |    93 |    77 |   137 |   313 |   724 |   806 |   756 |   559 |  1200 ||  4665
Block: Shield            |       |       |   127 |   391 |   944 |  1442 |  1156 |  1016 |  1578 ||  6654
       Reflection        |       |       |       |       |       |       |       |       |    62 ||    62
       Large shield      |       |       |       |       |       |       |       |       |  2016 ||  2016
       Rpst.: Scimitar   |       |       |       |    12 |   174 |   164 |    99 |    94 |   122 ||   665
       Double sword      |       |       |       |       |       |       |       |       |    87 ||    87

Table legend:
 A = Spawn XP
 B = Non-spawn XP
 C = Spawn XP percentage of total XP
 D = Spawn monster count
 E = Non-spawn monster count
 F = Spawn count percentage of total count
 G = Total turns spent on level
                    A         B        C        D         E        F      G
               +---------+---------+-------+---------+---------+-------+---------
         Total |    2055 | 2013828 |   0.1 |       7 |    2778 |   0.3 | 85105
               +---------+---------+-------+---------+---------+-------+---------
           D:1 |       0 |      26 |   0.0 |       0 |      14 |   0.0 |   705
           D:2 |       0 |     420 |   0.0 |       0 |      53 |   0.0 |   720
           D:3 |       0 |     101 |   0.0 |       0 |      24 |   0.0 |  1021
           D:4 |       0 |     589 |   0.0 |       0 |      19 |   0.0 |  1068
           D:5 |       0 |     807 |   0.0 |       0 |      33 |   0.0 |   862
           D:6 |       0 |    1572 |   0.0 |       0 |      29 |   0.0 |  1012
           D:7 |       0 |     857 |   0.0 |       0 |      11 |   0.0 |  1316
           D:8 |       0 |    1455 |   0.0 |       0 |      22 |   0.0 |  1414
           D:9 |       0 |    3143 |   0.0 |       0 |      27 |   0.0 |  1159
          D:10 |       0 |    4977 |   0.0 |       0 |      22 |   0.0 |  1554
          D:11 |       0 |    2633 |   0.0 |       0 |      29 |   0.0 |  1253
          D:12 |       0 |    7152 |   0.0 |       0 |      45 |   0.0 |  1985
          D:13 |       0 |    9814 |   0.0 |       0 |      35 |   0.0 |  1148
          D:14 |       0 |   10854 |   0.0 |       0 |      36 |   0.0 |  1679
          D:15 |       0 |   23046 |   0.0 |       0 |      51 |   0.0 |  2241
        Lair:1 |       0 |    2878 |   0.0 |       0 |      14 |   0.0 |   890
        Lair:2 |       0 |    6006 |   0.0 |       0 |      34 |   0.0 |  1547
        Lair:3 |       0 |    7403 |   0.0 |       0 |      26 |   0.0 |  1323
        Lair:4 |       0 |    4716 |   0.0 |       0 |      23 |   0.0 |   976
        Lair:5 |       0 |    4624 |   0.0 |       0 |      26 |   0.0 |  1419
        Lair:6 |       0 |   33918 |   0.0 |       0 |      88 |   0.0 |  2387
       Swamp:1 |       0 |   12233 |   0.0 |       0 |      40 |   0.0 |   717
       Swamp:2 |       0 |    8331 |   0.0 |       0 |      20 |   0.0 |   816
       Swamp:3 |       0 |   14060 |   0.0 |       0 |      31 |   0.0 |  1225
       Swamp:4 |       0 |   33090 |   0.0 |       0 |      68 |   0.0 |  1582
       Snake:1 |       0 |   13603 |   0.0 |       0 |      26 |   0.0 |  1110
       Snake:2 |       0 |   28072 |   0.0 |       0 |      36 |   0.0 |  2127
       Snake:3 |       0 |   16235 |   0.0 |       0 |      31 |   0.0 |  2450
       Snake:4 |       0 |   52831 |   0.0 |       0 |      89 |   0.0 |  2237
       Slime:1 |       0 |   13703 |   0.0 |       0 |      12 |   0.0 |   112
       Slime:2 |       0 |   14354 |   0.0 |       0 |      14 |   0.0 |   258
       Slime:3 |       0 |    1681 |   0.0 |       0 |       6 |   0.0 |   277
       Slime:4 |       0 |   16985 |   0.0 |       0 |      27 |   0.0 |   554
       Slime:5 |       0 |   49394 |   0.0 |       0 |      36 |   0.0 |  1302
         Orc:1 |       0 |    3004 |   0.0 |       0 |      34 |   0.0 |   766
         Orc:2 |       0 |   21077 |   0.0 |       0 |     148 |   0.0 |  2510
         Elf:1 |       0 |   25120 |   0.0 |       0 |      55 |   0.0 |  1276
         Elf:2 |       0 |   32828 |   0.0 |       0 |      52 |   0.0 |   802
         Elf:3 |       0 |   67393 |   0.0 |       0 |      76 |   0.0 |  2017
      Vaults:1 |       0 |   20587 |   0.0 |       0 |      23 |   0.0 |  2031
      Vaults:2 |       0 |   50203 |   0.0 |       0 |      94 |   0.0 |  2833
      Vaults:3 |       0 |   45635 |   0.0 |       0 |      77 |   0.0 |  1743
      Vaults:4 |       0 |   39374 |   0.0 |       0 |      57 |   0.0 |  1592
      Vaults:5 |       0 |  175089 |   0.0 |       0 |     142 |   0.0 |  1875
       Crypt:1 |       0 |   26772 |   0.0 |       0 |      45 |   0.0 |   945
       Crypt:2 |       0 |   20899 |   0.0 |       0 |      32 |   0.0 |  1036
       Crypt:3 |       0 |   63159 |   0.0 |       0 |      76 |   0.0 |  2640
      Depths:1 |       0 |   85066 |   0.0 |       0 |     108 |   0.0 |  2765
      Depths:2 |       0 |  103592 |   0.0 |       0 |      96 |   0.0 |  2765
      Depths:3 |       0 |   85459 |   0.0 |       0 |      63 |   0.0 |  2305
      Depths:4 |       0 |   84263 |   0.0 |       0 |      98 |   0.0 |  2014
      Depths:5 |       0 |  158990 |   0.0 |       0 |      99 |   0.0 |  2331
         Zot:1 |       0 |   39211 |   0.0 |       0 |      25 |   0.0 |   587
         Zot:2 |       0 |   58684 |   0.0 |       0 |      29 |   0.0 |   983
         Zot:3 |       0 |   45585 |   0.0 |       0 |      26 |   0.0 |   830
         Zot:4 |       0 |   98120 |   0.0 |       0 |      55 |   0.0 |  1558
         Zot:5 |       0 |  207897 |   0.0 |       0 |      65 |   0.0 |  1812
       Abyss:3 |    2055 |   13565 |  13.2 |       7 |      12 |  36.8 |   224
         IceCv |       0 |    6292 |   0.0 |       0 |      26 |   0.0 |  1549
        WizLab |       0 |   34401 |   0.0 |       0 |      68 |   0.0 |   870
               +---------+---------+-------+---------+---------+-------+---------

Vault maps used:
D:1:      minmay_arrival_three_doors
D:2:      minmay_roachtagon, first_ration, minmay_misc_feat_square,
          uniq_terence, uniq_sigmund
D:3:      old_standard_altar, nicolae_overflow_crystal_walls,
          chequers_ecumenical_altar_simple_redux
D:4:      uniq_blork_the_orc
D:5:      minmay_temple_entry_statues
D:6:      ebering_ghost_sewer_f, elyvilon_altar_3
D:7:      serial_shops, nicolae_shop_window_shopping, tgw_fedhas
D:8:      serial_co_window_serial, co_window_cross_1, co_window_corner_a,
          co_window_paths_a, co_window_of_opportunity_a,
          co_window_of_opportunity_a, co_window_corner_b, co_window_corner_cb,
          co_window_2corner, co_window_paths_d, glass_columns_a,
          corexii_checkpoint_a, grunt_ogre_cave, okawaru_metal_pillars_1_2
D:9:      slow_altar_2, lemuel_crystal_altar, amethyst_overflow_temple_binary,
          basic_altar, serial_shops, shop, shop, nicolae_shop_trees,
          nicolae_shop_window_shopping, hangedman_abyss_or_decor_slice
D:10:     grunt_decor_one_mirror, uniq_psyche
D:11:     dpeg_oklobed_lair, serial_shops, shop_fountains, uniq_sonja
D:12:     orc_0_dummy, basic_altar, ebering_ghost_rock_garden
D:13:     david_vaults_2, serial_shops, nicolae_shop_stone, feat_on_display
D:14:     minmay_wavy_crystal, serial_glass, glass_columns_a, glass_columns_b,
          minmay_misc_feat_tiny
D:15:     grunt_enter_depths_hoard, minmay_misc_feat_nine_boxes, basic_altar
Lair:1:   lemuel_fruit_fields, lemuel_fruit_tree
Lair:2:   minmay_swamp_entry_worms, minmay_snake_entry_six_corridors,
          portal_ice_cave_entry_pillars_1
Lair:3:   ldierk_geyser, beast_lair_carwin_8, serial_bayou_shore_b
Lair:4:   basic_altar, minmay_lair_oklob_items, nicolae_quartered_pool_super
Lair:5:   kennysheep_abandoned_house, serial_bayou_shore_b, grunt_megastairs_3
Lair:6:   hangedman_lair_in_review, guppyfry_lair_end_dragon, slime_altar_1,
          uniq_josephine
Swamp:1:  nicolae_swamp_very_dense_foliage, swamp_pool5
Swamp:2:  hangedman_swamp_blocks
Swamp:3:  nicolae_swamp_little_tower
Swamp:4:  swamp_vile, swamp_pool4, nicolae_swamp_alligator_family
Snake:1:  nrook_guardian_serpent_snake_passage
Snake:2:  abandoned_shop, grunt_megastairs_4
Snake:3:  basic_altar, nicolae_large_snake_swirl
Snake:4:  grunt_snake_rune_pools, serial_bayou_ford_a, grunt_ministairs_14
Slime:3:  cheibrodos_slime_lost_civilization_1
Orc:1:    serial_shops, shop, gammafunk_ghost_stat_death
Orc:2:    pubby_orc_utopia
Elf:1:    orc_legates, uniq_azrael
Elf:2:    serial_shops, shop, shop, ebering_ghost_xom, uniq_nikola
Elf:3:    elf_hall_gauntlet_narrow, serial_shops, nicolae_shop_crystal,
          spider_trap, hangedman_elf_disciples
Vaults:1: st_squares, ontoclasm_vaults_tryst, vaults_dpeg_diagonal,
          nicolae_vaults_angled_halls, ontoclasm_vaults_gateway,
          nicolae_vaults_network_square, vaults_room_mumra_shop_pool,
          vaults_mumra_chevron, nicolae_vaults_mini_display_case
Vaults:2: nicolae_vaults_little_ls, hangedman_vaults_stream, vaults_mumra_lcd,
          nicolae_vaults_border_crossing, v_misc_14,
          minmay_crypt_entry_necro_gods, v_misc_33, vaults_room_door_hall,
          vaults_dpeg_doors, ontoclasm_vaults_eye, v_misc_4, serial_shops, shop,
          nicolae_shop_overgrown_old_shop, shop_statue, shop, shop
Vaults:3: nicolae_vaults_circle_grid_a, v_misc_24,
          nicolae_vaults_big_angled_halls, nicolae_vaults_stairing_the_circle,
          v_misc_16, ontoclasm_vaults_ring_small, nicolae_vaults_network_star,
          vaults_room_ringed_pool, vaults_room_grid,
          nicolae_vaults_puzzle_piece, nicolae_vaults_an_arrangement,
          v_alt_pattern_3, nicolae_vaults_shelves_hall, v_misc_17, serial_shops,
          shop, uniq_jory
Vaults:4: v_misc_23, nicolae_vaults_display_case,
          vaults_room_grunt_arrival_checkpoint, nicolae_vaults_little_squares_4,
          v_misc_26, v_misc_27, v_alt_pattern_1, vaults_room_fours,
          vaults_room_octagon, v_misc_25, nicolae_vaults_theta,
          nicolae_vaults_ring_of_whatevers, v_misc_17, nicolae_vaults_alarming,
          v_misc_2, vaults_room_octagon, uniq_xtahua
Vaults:5: serial_shops, uniq_mara
Crypt:1:  lemuel_hellish_altar
Crypt:3:  lightli_unholy_cathedral, tomb_entry_moat_badplayer,
          infiniplex_enter_wizlab_water, ebering_ghost_rock_garden
Depths:1: minmay_eyes, enter_ziggurat_f, pan_entry, serial_shops, shop, shop,
          abyss_entry, hangedman_coc_ice_floe, hangedman_decor_riveting,
          nicolae_blasting_shop
Depths:2: grunt_deathspiral_small, grunt_mini_vestibule, serial_bayou,
          serial_bayou_shore_a, serial_bayou_lagoon_a, serial_bayou_pond_a,
          serial_bayou_pond_d, ebering_ghost_xom, serial_shops, kennysheep_mini
Depths:3: minmay_four_inscribed_fans, hell_entry, serial_bayou,
          serial_bayou_shore_b, serial_bayou_pond_b, serial_bayou_pond_e,
          serial_bayou_pond_d, serial_bayou_pond_b, pan_entry,
          minmay_misc_feat_alley
Depths:4: minmay_guarded_unrand_majin_bo, abyss_entry, serial_glass,
          glass_columns_c, glass_columns_b, grunt_hell_entry_dis_mu,
          ice2_lemuel, infiniplex_staircase_zigzag_3, minmay_shop_star,
          uniq_saint_roka
Depths:5: grunt_runaround, abyss_entry, hell_entry, uniq_enchantress,
          uniq_frederick
Zot:1:    basic_altar, bh_zot_ikea_curve, grunt_megastairs_2
Zot:3:    st_stairs_13, basic_stair_grate_trap
Zot:4:    kennysheep_room_grid, grunt_ministairs_1
Abyss:3:  gammafunk_abyss_rune_reverse_zot, evilmike_abyss_exit_2,
          bh_abyss_negative
IceCv:    ice_cave_tombish
WizLab:   wizlab_cigotuvi

Table legend:
 A = Turns spent in this place as a percentage of turns spent in the entire game.
 B = Non-inter-level travel turns spent in this place as a percentage of non-inter-level travel turns spent in the entire game.
 C = Inter-level travel turns spent in this place as a percentage of turns spent in this place.
 D = Turns resting spent in this place as a percentage of non-inter-level travel turns spent in this place.
 E = Turns spent auto-exploring this place as a percentage of non-inter-level travel turns spent in this place.
 F = Non-inter-level travel turns spent in this place divided by the number of levels of this place that you've seen.
                   A       B       C       D       E      F
               +-------+-------+-------+-------+-------+----------------------
         Total | 100.0 | 100.0 |  14.1 |  16.8 |  55.1 | 1219.0
       Dungeon |  22.5 |  21.1 |  19.3 |   8.9 |  70.2 | 1029.5
          Lair |  10.0 |   9.9 |  15.6 |  15.9 |  63.0 | 1201.2
         Swamp |   5.1 |   5.6 |   5.3 |  22.6 |  50.5 | 1027.2
     Snake Pit |   9.3 |  10.2 |   5.6 |  29.0 |  50.8 | 1870.5
    Slime Pits |   2.9 |   3.0 |  13.7 |  48.3 |  16.0 | 432.2
  Orcish Mines |   3.8 |   3.5 |  22.5 |  14.4 |  55.9 | 1269.5
   Elven Halls |   4.8 |   4.4 |  21.1 |  10.7 |  54.9 | 1076.3
        Vaults |  11.8 |  11.6 |  16.1 |   6.1 |  61.3 | 1691.4
         Crypt |   5.4 |   5.7 |   9.0 |  26.1 |  45.8 | 1401.3
        Depths |  14.3 |  14.2 |  14.7 |  19.9 |  43.1 | 2078.0
           Zot |   6.8 |   7.2 |   8.5 |   4.5 |  63.6 | 1055.8
         Abyss |   0.3 |   0.3 |   0.0 |   0.0 |  18.8 | 224.0
      Ice Cave |   1.8 |   2.1 |   0.0 |  62.2 |   7.7 | 1549.0
        Wizlab |   1.0 |   1.2 |   0.0 |   0.3 |  44.6 | 870.0
               +-------+-------+-------+-------+-------+----------------------

Table legend:
 A = Kills in this place as a percentage of kills in entire the game.
 B = Kills by you in this place as a percentage of kills by you in the entire game.
 C = Kills by friends in this place as a percentage of kills by friends in the entire game.
 D = Other kills in this place as a percentage of other kills in the entire game.
 E = Experience gained in this place as a percentage of experience gained in the entire game.
 F = Experience gained in this place divided by the number of levels of this place that you have seen.
                   A       B       C       D       E      F
               +-------+-------+-------+-------+-------+----------------------
         Total | 100.0 | 100.0 | 100.0 | 100.0 | 100.0 | 33918.6
       Dungeon |  16.5 |  17.3 |   1.7 |   8.7 |   3.8 | 5168.0
          Lair |   7.5 |   7.7 |   4.3 |   4.3 |   2.9 | 9924.2
         Swamp |   5.7 |   5.5 |   6.9 |  17.4 |   3.3 | 16928.5
     Snake Pit |   6.5 |   6.4 |   9.5 |   0.0 |   5.4 | 27685.2
    Slime Pits |   3.4 |   3.6 |   0.0 |   0.0 |   4.7 | 19223.4
  Orcish Mines |   6.5 |   6.3 |  10.3 |   4.3 |   1.2 | 12040.5
   Elven Halls |   6.5 |   6.6 |   2.6 |  17.4 |   6.2 | 41780.3
        Vaults |  14.0 |  13.3 |  25.0 |  43.5 |  16.3 | 66177.6
         Crypt |   5.5 |   5.3 |  10.3 |   0.0 |   5.4 | 36943.3
        Depths |  16.7 |  17.2 |   6.9 |   4.3 |  25.7 | 104757.0
           Zot |   7.2 |   7.1 |  11.2 |   0.0 |  22.2 | 90448.4
         Abyss |   0.7 |   0.2 |  11.2 |   0.0 |   0.8 | 15620.0
      Ice Cave |   0.9 |   1.0 |   0.0 |   0.0 |   0.3 | 6292.0
        Wizlab |   2.4 |   2.6 |   0.0 |   0.0 |   1.7 | 34401.0
               +-------+-------+-------+-------+-------+----------------------
